 Dungeon Crawl Stone Soup version 0.31-a0-1112-ga3593d9213 (webtiles) character file.

Game seed: 4105918777860368835

2070917 EnegeticOcto the Tainter (level 25, 145/145 HPs)
             Began as a Felid Chaos Knight on Dec 4, 2023.
             Was a Favourite Plaything of Xom.
             Escaped with the Orb
             ... and 4 runes!
             The game lasted 02:48:42 (80788 turns).

EnegeticOcto the Tainter (Felid Chaos Knight)      Turns: 80788, Time: 02:48:42

Health: 145/145    AC: 25    Str: 11      XL:     25   Next: 8%
Magic:  42/42      EV: 37    Int: 12 (14) God:    Xom [.*....]
Gold:   5676       SH:  6    Dex: 29 (30) Spells: 4/53 levels left
                                        Lives:  1   Deaths: 7

rFire   + +          +
                       - Unarmed
rCold   + . .        (shield unavailable)
rNeg    + + .        (body armour unavailable)
rPois   ∞            (helmet unavailable)
rElec   +            (cloak unavailable)
rCorr   .            (gloves unavailable)
SInv    +            (boots unavailable)
Will    +++++        V - amulet of regeneration
Stlth   +++          Q - ring of protection from cold
HPRegen 2.04/turn    R - ring of Qeatoif {rF+ rN+}
MPRegen 0.28/turn

%: no passive effects
@: statue-form, studying 3 skills, very slow
A: slow and powerful, torment resistance 1, boosted hp, very small, claws 1,
fangs 3, see invisible, (speed 1), (shaggy fur 3), stealthy paws, no weapons or
thrown items, no armour, multi-lived, horns 2, (iridescent scales 3), large bone
plates 2, thin skeletal structure 1, agile 1, deterioration 1, fire resistance
2, strong-willed 3, mutation resistance 2, poison resistance, regeneration 1,
robust 1, electricity resistance, strong 1, wild magic 1
0: Orb of Zot
}: 4/15 runes: serpentine, barnacled, silver, abyssal
a: Begin Untransformation, Renounce Religion


You escaped.
You worshipped Xom.
You were a plaything of Xom.
You were a living statue of rough stone.
You visited 10 branches of the dungeon, and saw 48 of its levels.
You visited the Abyss 4 times.
You also visited: Trove and Bailey.

You collected 8218 gold pieces.
You spent 2542 gold pieces at shops.

Inventory:

Jewellery
 b - the amulet "Onuonneo" {Spirit Rampage Int+3}
   (You acquired it on level 2 of the Orcish Mines)

   [amulet of guardian spirit]

   Spirit:    It causes incoming damage to be divided between your reserves of
   health and magic.
   Int+3:     It affects your intelligence (+3).
   Rampage:   It bestows one free step when moving towards enemies.
 h - a +6 ring of dexterity
   (You found it on level 2 of the Dungeon)
 u - a +6 ring of strength
   (You found it on level 4 of the Vaults)
 v - a +4 ring of protection
   (You bought it in a shop on level 3 of the Dungeon)
 B - a ring of willpower
   (You found it on level 7 of the Dungeon)
 C - a ring of fire
   (You found it on level 13 of the Dungeon)
 D - a +4 ring of protection
   (You took it off a kobold brigand on level 9 of the Dungeon)
 Q - a ring of protection from cold (left paw)
   (You found it on level 3 of the Elven Halls)
 R - the ring of Qeatoif (right paw) {rF+ rN+}
   (You took it off a deep elf master archer on level 3 of the Elven Halls)

   [ring of protection from fire]

   rF+:       It protects you from fire.
   rN+:       It protects you from negative energy.
 U - a +4 ring of slaying
   (You took it off a rakshasa on level 1 of the Depths)
 V - an amulet of regeneration (around neck)
   (You bought it in a shop on level 2 of the Depths)
Talismans
 O - a granite talisman (active)
   (You took it off Roxanne on level 1 of the Snake Pit)
Wands
 w - a wand of digging (22) {@v3}
   (You found it on level 6 of the Dungeon)
 x - a wand of iceblast (59) {@v2}
   (You found it on level 6 of the Dungeon)
 y - a wand of quicksilver (30) {@v1}
   (You took it off Maurice on level 9 of the Dungeon)
 E - a wand of flame (48) {@v4}
   (You found it on level 10 of the Dungeon)
 I - a wand of polymorph (17)
   (You found it on level 1 of the Lair of Beasts)
 J - a wand of mindburst (33)
   (You found it on level 1 of the Lair of Beasts)
 L - a wand of charming (57)
   (Xom gifted it to you on level 5 of the Lair of Beasts)
Scrolls
 a - 3 scrolls of butterflies
 d - 10 scrolls of immolation
 e - 3 scrolls of amnesia
 f - 5 scrolls of blinking {@r4}
 i - 4 scrolls of poison
 n - 6 scrolls of fear {!r}
 p - 10 scrolls of teleportation {@r3 !r}
 q - 7 scrolls of fog {!r}
 A - 6 scrolls of vulnerability
Potions
 c - 5 potions of heal wounds {@q2 !q}
 g - 2 potions of resistance
 j - 6 potions of enlightenment
 k - 5 potions of lignification {@q6}
 l - 16 potions of curing {@q1 !q}
 m - 3 potions of haste {@q4 !q}
 o - 7 potions of might {@q3 !q}
 r - 3 potions of berserk rage
 s - a potion of magic
 t - 2 potions of attraction
 z - 9 potions of mutation
 G - 6 potions of cancellation
 H - 5 potions of brilliance
 S - a potion of ambrosia
Miscellaneous
 K - a phantom mirror
   (You found it on level 4 of the Shoals)
 M - a condenser vane
   (You found it on level 1 of the Orcish Mines)
 N - a lightning rod (4/4)
   (You found it on level 15 of the Dungeon)


   Skills:
 - Level 14.9 Fighting
 - Level 14.9 Dodging
 - Level 14.9 Stealth
 - Level 14.9 Unarmed Combat
 - Level 14.9 Spellcasting
 + Level 10.8 Conjurations
 + Level 11.8 Hexes
 + Level 6.0 Summonings
 - Level 14.8 Translocations
 - Level 14.8 Transmutations
 - Level 10.9 Ice Magic
 - Level 10.0 Air Magic
 + Level 3.9 Earth Magic
 - Level 14.9 Poison Magic
 - Level 14.9 Evocations
 - Level 14.9 Shapeshifting


You had 4 spell levels left.
You knew the following spells:

 Your Spells              Type           Power      Damage    Failure   Level
a - Ensorcelled Hibernat  Hex/Ice        94%        N/A       1%          2
b - Ozocubu's Armour      Ice            45%        N/A       1%          3
c - Freezing Cloud        Conj/Ice/Air   22%        6-21      4%          5
d - Summon Lightning Spi  Summ/Air       36%        N/A       4%          4
e - Static Discharge      Conj/Air       88%        3-7/arc   1%          2
f - Mephitic Cloud        Conj/Pois/Air  48%        N/A       1%          3
g - Yara's Violent Unrav  Hex/Tmut       26%        3d11      1%          5
h - Manifold Assault      Tloc           55%        N/A       1%          4
i - Hailstorm             Conj/Ice       45%        3d10      1%          3
j - Vhi's Electric Charg  Tloc/Air       100%       N/A       1%          4
k - Alistair's Intoxicat  Tmut/Pois      36%        N/A       1%          5
p - Passwall              Tmut/Erth      33%        N/A       1%          2
z - Irradiate             Conj/Tmut      25%        3d20      2%          5
Y - Blink                 Tloc           100%       N/A       1%          2

Your spell library contained the following spells:

 Spells                   Type           Power      Damage    Failure   Level
 Foxfire                  Conj/Fire      100%       2x1d9     1%          1
 Freeze                   Ice            100%       1d10      1%          1
 Magic Dart               Conj           100%       1d8       1%          1
 Shock                    Conj/Air       100%       1d9       1%          1
 Summon Small Mammal      Summ           100%       N/A       1%          1
 Call Imp                 Summ           60%        N/A       1%          2
 Cigotuvi's Dreadful Rot  Necr/Pois/Air  74%        N/A       1%          2
 Jinxbite                 Hex            96%        N/A       1%          2
 Poisonous Vapours        Pois/Air       100%       N/A       1%          2
 Frozen Ramparts          Ice            90%        1d14      1%          3
 Ignite Poison            Fire/Tmut/Pois 42%        N/A       1%          3
 Summon Guardian Golem    Hex/Summ       39%        N/A       1%          3
 Swiftness                Air            42%        N/A       1%          3
 Tukima's Dance           Hex            48%        N/A       1%          3
 Passage of Golubria      Tloc           55%        N/A       1%          4
 Stone Arrow              Conj/Erth      68%        3d11      2%          3
 Airstrike                Air            21%        2d(3-19)  2%          4
 Call Canine Familiar     Summ           30%        N/A       3%          3
 Summon Ice Beast         Ice/Summ       38%        N/A       4%          4
 Anguish                  Hex/Necr       15%        N/A       10%         4
 Sticky Flame             Conj/Fire      28%        2d5       12%         4
 Scorch                   Fire           22%        2d5       16%         2
 Animate Dead             Necr           11%        N/A       67%         4
 Metabolic Englaciation   Hex/Ice        23%        N/A       3%          5
 Arcjolt                  Conj/Air       22%        1d32      4%          5
 Summon Forest            Summ/Tloc      22%        N/A       4%          5
 Eringya's Noxious Bog    Tmut/Pois      27%        4d6       4%          6
 Summon Mana Viper        Hex/Summ       39%        N/A       8%          5
 Conjure Ball Lightning   Conj/Air       22%        3x3d6     22%         6
 Lee's Rapid Deconstruct  Erth           11%        3d8*      47%         5
 Ozocubu's Refrigeration  Ice            22%        4d12      65%         7
 Orb of Destruction       Conj           22%        9d8       67%         7
 Malign Gateway           Summ/Tloc      22%        N/A       71%         7
 Summon Cactus Giant      Summ           15%        N/A       75%         6
 Simulacrum               Ice/Necr       14%        N/A       82%         6
 Starburst                Conj/Fire      14%        6d6       83%         6
 Plasma Beam              Fire/Air       13%        2x1d24    87%         6
 Spellforged Servitor     Conj/Summ      18%        N/A       92%         7
 Haunt                    Necr/Summ      10%        N/A       100%        7
 Borgnjor's Revivificati  Necr           5%         N/A       100%        8
 Ignition                 Fire           5%         3d4       100%        8
 Infestation              Necr           5%         N/A       100%        8
 Lehudib's Crystal Spear  Conj/Erth      17%        10d5      100%        8
 Summon Horrible Things   Summ           15%        N/A       100%        8
 Death's Door             Necr           5%         N/A       100%        9
 Dragon's Call            Summ           15%        N/A       100%        9
 Polar Vortex             Ice            22%        12d3*     100%        9
 Animate Armour           Summ/Erth      Unusable   N/A       N/A         4

Dungeon Overview and Level Annotations

Branches:
Dungeon (15/15)            Temple (0/1) D:5            Lair (5/5) D:10
 Shoals (4/4) Lair:3        Snake (4/4) Lair:2        Slime (0/5) Lair:4
    Orc (2/2) D:10            Elf (3/3) Orc:2        Vaults (5/5) D:13
  Crypt (1/3) Vaults:3     Depths (4/4) D:15            Zot (5/5) Depths:4
 Bailey (visited)

Altars:
Ashenzari
Elyvilon
Fedhas
Gozag
Kikubaaqudgha
Ru
Wu Jian
Xom
Zin
Jiyva
Lugonu

Shops:
D:3 *   D:4 *   D:8 ?   D:14 *   Orc:2 *[*[(   Snake:1 ([   Vaults:2 *
Vaults:5 !   Depths:2 =[

Portals:
Hell: Depths:1 Depths:2 Depths:3 Depths:4
Abyss: Depths:2 Depths:3
Pandemonium: Depths:1 Depths:2 Depths:3
Ziggurat: Depths:4

Annotations:
D:9 Gastronok, Psyche
Lair:5 exclusions: 2 doors and obsidian statue
Elf:1 3 runed translucent doors, exclusion: door, Ennajel's ghost, adept DsMo; Muadi's ghost, adept DsNe; Onkax's ghost, adept SpHu


Innate Abilities, Weirdness & Mutations

You are a living statue of rough stone.
Your actions are slow, but your melee attacks are powerful.
You are resistant to unholy torment.
Your maximum health is increased.
You are immune to poison.
You have sharp claws.
You have razor-sharp teeth.
You have supernaturally acute eyesight. (SInv)
((You cover ground quickly. (Speed+)))
((Your thick and shaggy fur keeps you warm. (AC +3, rC+)))
Your paws help you pounce on unaware monsters.
You are incapable of wielding weapons or throwing items.
You cannot wear armour.
You gain extra lives every three experience levels.
You have a pair of horns on your head.
((You are completely covered in iridescent scales. (AC +6)))
You are mostly covered in large bone plates. (SH +6)
You have a somewhat thin skeletal structure. (Dex +2, Stealth+)
You are agile. (Dex +4, Str/Int -1)
Your body sometimes deteriorates upon taking damage.
Your flesh is very heat resistant. (rF++)
You are extremely strong-willed. (Will+++)
You are somewhat resistant to both further mutation and mutation removal.
Your system is resistant to poisons. (rPois)
Your natural rate of healing is unusually fast.
You are robust. (+10% HP)
You are resistant to electric shocks. (rElec)
Your muscles are strong. (Str +4, Int/Dex -1)
Your spells are a little harder to cast, but a little more powerful.


Message History

You bite the Orb Guardian, but do no damage.
The Orb Guardian is severely wounded.
The Orb Guardian misses you.
You scratch the Orb Guardian but do no damage.
The Orb Guardian is severely wounded.
The Orb Guardian closely misses you. The Orb Guardian completely misses you.
You miss the Orb Guardian.
You headbutt the Orb Guardian, but do no damage.
You claw the Orb Guardian!
The Orb Guardian is almost dead.
The Orb Guardian misses you.
You mangle the Orb Guardian!!
You kill the Orb Guardian!
No target in view!
(D) Dungeon (T) Temple (L) Lair (A) Shoals (P) Snake Pit (M) Slime Pits (O) Orcish Mines (E) Elven Halls (V) Vaults (C) Crypt (U) Depths (H) Hell (Z) Zot
Where to? (Tab/Enter - D:1 @ (x,y), ? - help)
You climb upwards.
There is a stone staircase leading down here.
Magic restored.
There is a stone staircase leading up here.
You climb upwards.
There is a stone staircase leading down here.
There is a stone staircase leading up here.
You climb upwards.
There is a stone staircase leading down here.
You see here a +0 ring mail.
There is a stone staircase leading up here.
You climb upwards.
There is a stone staircase leading down here.
There is a stone staircase leading up here.
You climb upwards.
There is a stone staircase leading down here.
A blizzard demon comes into view.
Unknown command.
Unknown command.
Charge where?
Press: ? - help, Q - select action, (/) - cycle Dir - move target, f - blizzard demon
Aim: a blizzard demon (87% to hit)
You charge forward with an electric crackle!
You scratch the blizzard demon but do no damage.
You claw the blizzard demon, but do no damage.
You eviscerate the blizzard demon!!! Your claw misses the blizzard demon.
The blizzard demon is severely wounded.
The blizzard demon completely misses you. x2
You eviscerate the blizzard demon!!!
You kill the blizzard demon!
(D) Dungeon (T) Temple (L) Lair (A) Shoals (P) Snake Pit (M) Slime Pits (O) Orcish Mines (E) Elven Halls (V) Vaults (C) Crypt (U) Depths (H) Hell (Z) Zot
Where to? (Tab/Enter - D:1 @ (x,y), ? - help) Magic restored.
A lorocyproca comes into view.
Unknown command.
Casting: Vhi's Electric Charge (mildly dangerous; 1% risk of failure)
Confirm with . or Enter, or press ? or * to list all spells.
Aiming: Passwall (safe; 1% risk of failure)
Press: ? - help, Dir - move target A rock wall.
This square is covered in magical glow.
You begin to meditate on the wall.
You continue meditating on the rock. x2
The lorocyproca closely misses you.
You finish merging with the rock.
A profane servitor comes into view. It is wielding a +3 whip.
There is a stone staircase leading up here.
You climb upwards.
There is a stone staircase leading down here.
(D) Dungeon (T) Temple (L) Lair (A) Shoals (P) Snake Pit (M) Slime Pits (O) Orcish Mines (E) Elven Halls (V) Vaults (C) Crypt (U) Depths (H) Hell (Z) Zot
Where to? (Tab/Enter - D:1 @ (x,y), ? - help)
There is a stone staircase leading up here.
You climb upwards.
There is a stone staircase leading down here.
There is a stone staircase leading up here.
You climb upwards.
There is a stone staircase leading down here. "Fight to survive, mortal."
Casting: Passwall (safe; 1% risk of failure)
Confirm with . or Enter, or press ? or * to list all spells.
Aiming: Passwall (safe; 1% risk of failure)
Press: ? - help, Dir - move target A rock wall.
This square is covered in magical glow.
You begin to meditate on the wall.
You continue meditating on the rock.
You block the iron imp's attack. The iron imp completely misses you.
You continue meditating on the rock.
You block the iron imp's attack.
You finish merging with the rock.
Blink to where?
Press: ? - help, Dir - move target
As you read the scroll of blinking {@r4}, it crumbles to dust.
Blink to where?
Press: ? - help, Dir - move target
As you read the scroll of blinking {@r4}, it crumbles to dust.
You have escaped!

.#.#####.#.#.#.###.####..#.## ##
...# #.....#...#...#....##.# #.
######.#########.###.#####.## #.
...#.....#.# #.....####...####.
##.#.###.#.# ###.####..........
.#...# #...# #...####...####.
.###.###.#)### ###.# ##....##.
...#.....#...# ###...########.##.
##.#########.###8#.####.......###
#......§..........# ######..###
######################......(...
### ##..## #.# #...#####..##.
..###5...## #.# #...# #....#
#.##...#..# #.# #...# ##.##.
..#.#.....# #.####...######.###
.#.##.#.#.#####.##...........)...
...##.#.>..(....##.#.#.##########


There were no monsters in sight!

Vanquished Creatures
  4 dread liches
  Mara (Elf:3)
  2 ancient liches (Vaults:5)
  A juggernaut (Depths:4)
  Sojobo (Depths:4)
  Vv (Zot:4)
  Bai Suzhen (Elf:3)
  Frederick (Depths:4)
  Saint Roka (Orc:2)
  7 caustic shrikes
  Xtahua (Vaults:5)
  A curse toe (Zot:4)
  Margery (Vaults:5)
  Vashnia (Snake:4)
  4 golden dragons
  Jory (Vaults:4)
  2 pearl dragons (Abyss:3)
  A Tzitzimitl (Depths:3)
  3 bone dragons
  A hellephant (Abyss:3)
  Zenata (Vaults:1)
  A walking crystal tome (Depths:3)
  Jorgrun (Shoals:1)
  3 tentacled monstrosities
  6 liches
  2 Orb Guardians
  A shard shrike skeleton (Abyss:3)
  6 quicksilver dragons
  Asterion (Depths:1)
  2 walking frostbound tomes
  An ancient champion (Vaults:3)
  3 deep elf blademasters (Elf:3)
  3 deep elf master archers (Elf:3)
  7 titans
  4 sphinxes
  A kraken (Shoals:3)
  A walking divine tome (Depths:4)
  2 death cobs (Zot:4)
  8 shadow dragons
  Kirke (D:15)
  Agnes (Elf:2)
  Aizul (Snake:4)
  Donald (Shoals:4)
  6 storm dragons
  10 tengu reavers
  8 nagarajas (Snake:4)
  4 draconian monks
  A draconian knight (Zot:1)
  Roxanne (Snake:1)
  4 fire giants
  A ghost moth (Zot:4)
  A draconian scorcher (Zot:4)
  8 deep elf sorcerers
  3 deep elf elementalists (Elf:3)
  8 frost giants
  Louise (Shoals:1)
  3 draconian shifters
  18 vault wardens
  An iron dragon (Vaults:5)
  3 ghouls
  2 spriggan defenders (Depths:3)
  3 war gargoyles
  3 draconian stormcallers (Zot:1)
  7 ironbound thunderhulks
  A reaper (Abyss:3)
  A draconian annihilator (Zot:3)
  An orc warlord (Vaults:3)
  7 stone giants
  13 ironbound preservers
  4 vampire knights
  36 very ugly things
  2 formless jellyfish
  3 black draconians
  A lorocyproca (Depths:2)
  11 dire elephants
  8 green draconians
  6 white draconians
  6 deep elf annihilators
  7 purple draconians
  5 deep elf demonologists
  2 spark wasps
  4 red draconians
  3 yellow draconians
  2 eidola
  2 blizzard demons
  5 merfolk javelineers (Shoals:4)
  7 deep elf death magi
  10 ettins
  A crystal guardian (Vaults:1)
  2 jiangshi (Depths:2)
  11 merfolk impalers
  10 fire dragons
  11 yaktaur captains
  7 rakshasas
  8 deep elf high priests
  3 great orbs of eyes
  6 ice dragons
  7 hydras
  A catoblepas (Lair:4)
  37 vault guards
  2 spriggan air magi (Depths:3)
  12 anacondas
  2 peacekeepers
  7 ironbound frosthearts
  3 ogre magi (Vaults:5)
  Erolcha (Orc:1)
  3 merfolk aquamancers
  11 centaur warriors
  4 merfolk avatars
  A jorogumo (Vaults:5)
  A satyr (Shoals:4)
  3 boulder beetles
  15 two-headed ogres
  10 death yaks
  A tengu warrior (Depths:1)
  A death knight (D:15)
  32 dancing weapons
  6 deep troll shamans
  10 naga warriors
  The ghost of rasy the Carver, a novice DsBe of Trog (Lair:1)
  3 vampire magi
  6 deep troll earth magi
  3 orc high priests (Orc:2)
  3 spriggan berserkers
  3 thrashing horrors (Abyss:3)
  A demonic crawler (Abyss:3)
  11 naga sharpshooters
  7 shock serpents
  6 hell knights
  2 wretched stars (Abyss:3)
  20 deep elf knights
  2 sixfirhies
  2 salamander mystics
  A skyshark (Lair:5)
  2 skeletal warriors
  Nergalle (D:11)
  A golden dragon zombie (Depths:3)
  9 sea snakes
  10 iron trolls
  12 naga ritualists
  29 deep trolls
  A steelbarb worm (shapeshifter) (D:15)
  2 phantasmal warriors (Vaults:5)
  9 deep elf archers
  10 glowing orange brains
  5 arcanists
  2 bog bodies (Crypt:1)
  23 harpies
  10 necromancers
  17 lindwurms
  4 orc knights
  Pikel (D:8)
  A tengu zombie (Depths:3)
  3 frost giant zombies
  24 deep elf pyromancers
  7 orc sorcerers
  A golden dragon skeleton (Depths:1)
  37 deep elf zephyrmancers
  19 ironbound convokers
  47 ugly things
  14 mana vipers
  9 moths of wrath
  Maurice (D:9)
  5 fauns
  11 cyclopes
  13 elephants
  7 manticores
  17 salamanders
  Joseph (D:9)
  An orc zombie (Crypt:1)
  5 kobold blastminers
  A dire elephant zombie (Crypt:1)
  2 salamanders (shapeshifter)
  51 black mambas
  11 water nymphs
  25 naga magi
  7 merfolk sirens
  18 vault sentinels
  5 starcursed masses (Abyss:3)
  6 guardian serpents
  A smoke demon (Depths:1)
  2 torpor snails
  A dire elephant skeleton (Lair:5)
  A guardian serpent (shapeshifter) (Vaults:5)
  A minotaur zombie (Crypt:1)
  11 cane toads
  4 gargoyles
  An unseen horror (D:10)
  6 large abominations (Abyss:3)
  A hellion (Depths:4)
  5 komodo dragons
  2 tengu conjurers (Depths:1)
  5 rime drakes
  An efreet (D:10)
  3 ancient zymes (Abyss:3)
  27 yaktaurs
  6 freezing wraiths
  A golden dragon simulacrum (Depths:1)
  14 merfolk
  5 trolls
  A merfolk (shapeshifter) (Vaults:4)
  A queen bee (D:5)
  Grinder (D:3)
  3 hornets
  2 polar bears (Lair:1)
  A harpy skeleton (Crypt:1)
  7 snapping turtles
  26 blink frogs
  9 wind drakes
  2 spectral elephants (Lair:5)
  3 dream sheep (Shoals:4)
  A raiju (shapeshifter) (D:13)
  7 raiju (Abyss:3)
  A jumping spider (Elf:2)
  8 air elementals
  Sigmund (D:3)
  31 slime creatures
  2 spriggans
  An ettin skeleton (Crypt:1)
  6 small abominations (Abyss:3)
  3 spriggan skeletons
  5 wraiths
  2 shadows
  2 centaur simulacra (D:14)
  2 vampires
  22 water elementals
  2 wyverns
  2 fire elementals (Elf:1)
  9 basilisks
  27 yaks
  2 hogs (D:15)
  3 neqoxecs (Abyss:3)
  7 vampire mosquitoes
  3 fire bats
  A human (D:13)
  A chaos spawn (Abyss:3)
  A spectral cane toad (Lair:5)
  A spatial vortex (Abyss:3)
  A warg (shapeshifter) (D:15)
  A naga (shapeshifter) (Elf:1)
  47 nagas
  4 acid dragons
  3 wargs
  15 water moccasins
  2 sky beasts (D:8)
  2 ice beasts (shapeshifter)
  A black bear (Lair:3)
  An elephant zombie (Lair:5)
  41 orc warriors
  3 ice beasts
  23 ogres
  4 boggarts
  A centaur (shapeshifter) (Vaults:5)
  8 wolves
  An elephant skeleton (Lair:5)
  11 centaurs
  A lemure (D:9)
  5 brain worms
  2 kobold brigands
  14 bullfrogs
  4 earth elementals
  2 scorpions
  4 gnoll sergeants
  3 wights (D:7)
  6 killer bees (D:9)
  A spriggan zombie (Crypt:1)
  An elephant simulacrum (Lair:5)
  7 howler monkeys
  7 electric eels
  5 jellies
  21 orc priests
  A hound (D:4)
  An iguana (Lair:1)
  2 sleepcaps
  24 orc wizards
  7 hell rats (Lair:1)
  An ogre zombie (Orc:1)
  A boggart simulacrum (D:14)
  14 gnolls
  3 adders
  A shadow imp (D:5)
  A white imp (D:8)
  An ufetubus (D:14)
  2 dart slugs
  113 orcs
  8 endoplasms
  4 giant cockroaches
  14 goblins
  2 goblins (shapeshifter) (Vaults:5)
  15 hobgoblins
  10 jackals (D:2)
  2 quokkas (D:1)
  A quokka (shapeshifter) (Depths:1)
  4 ball pythons
  2 bats
  A frilled lizard (shapeshifter) (Vaults:5)
  A gnoll skeleton (Crypt:1)
  19 kobolds
  5 rats
1953 creatures vanquished.

Vanquished Creatures (collateral kills)
  Mlioglotl (Shoals:4)
  A quicksilver dragon (Zot:2)
  A draconian monk (Zot:4)
  A storm dragon (Zot:2)
  2 ironbound preservers
  A draconian scorcher (Zot:2)
  A very ugly thing (Depths:4)
  An ironbound thunderhulk (Vaults:3)
  A green draconian (Zot:3)
  2 yellow draconians
  A red draconian (Zot:3)
  A merfolk impaler (Shoals:4)
  An ice dragon (Depths:4)
  4 death yaks
  A spectral death yak (Lair:5)
  A skeletal warrior (D:10)
  A skyshark (Lair:4)
  An orc knight (Bailey)
  An arcanist (Vaults:3)
  An ugly thing (Depths:4)
  A black mamba (Lair:2)
  A moth of wrath (Zot:2)
  A faun (Shoals:1)
  6 elephants (Lair:5)
  A water nymph (Lair:3)
  A cane toad (Lair:1)
  A yaktaur (Vaults:3)
  A spriggan skeleton (Depths:1)
  A troll (D:8)
  7 blink frogs
  A spectral elephant (Lair:5)
  9 yaks
  A death yak simulacrum (Lair:5)
  A spectral cane toad (Lair:5)
  2 water moccasins
  2 orc warriors (D:8)
  An elephant zombie (Lair:5)
  An ogre (D:4)
  2 kobold brigands (D:8)
  2 bullfrogs
  A wight (D:8)
  An electric eel (D:8)
  Terence (D:2)
  An iguana (D:4)
  An adder (D:4)
  A dart slug (D:4)
  9 orcs
  A ball python (D:4)
  A bat (D:2)
  2 giant cockroaches (D:4)
  3 kobolds (D:8)
90 creatures vanquished.

Vanquished Creatures (others)
  3 death cobs
  A draconian monk (Zot:2)
  A draconian scorcher (Zot:3)
  An ironbound preserver (Vaults:4)
  A white draconian (Zot:1)
  A spriggan skeleton (Depths:1)
  A deep elf knight (Elf:2)
  A deep troll (Vaults:4)
  A deep elf pyromancer (Elf:2)
  A large abomination (Abyss:3)
  3 deep elf zephyrmancers
  A moth of wrath (Zot:3)
  2 ugly things
  A fire giant skeleton (Depths:1)
  2 humans (D:15)
  An air elemental (Elf:3)
  A boggart (D:15)
  An ufetubus (Abyss:3)
  An orc (shapeshifter) (Elf:3)
  A ball python (shapeshifter) (Depths:1)
  A lurking horror (Abyss:3)
  4 tentacles (Shoals:3)
31 creatures vanquished.

Grand Total: 2074 creatures vanquished

Notes
Turn   | Place    | Note
-------+----------+-------------------------------------------
     0 | D:1      | EnegeticOcto the Felid Chaos Knight began the quest for the
                  | Orb.
     0 | D:1      | Reached XP level 1. HP: 10/10 MP: 2/2
    35 | D:1      | Reached skill level 1 in Stealth
    93 | D:1      | XOM: divination: detect creatures
   111 | D:1      | XOM: silly message
   149 | D:1      | Reached skill level 2 in Stealth
   201 | D:1      | Found a faded altar of an unknown god.
   220 | D:1      | XOM: butterfly on damage
   246 | D:1      | Reached XP level 2. HP: 8/14 MP: 3/3
   381 | D:1      | XOM: divination: magic mapping
   506 | D:1      | Reached skill level 3 in Stealth
   937 | D:1      | XOM: noise
  1038 | D:2      | XOM is BORED!
  1038 | D:2      | XOM: 1-stop teleportation journey
  1096 | D:2      | Noticed Terence
  1172 | D:2      | XOM: 6-stop teleportation journey
  1225 | D:2      | XOM is BORED!
  1225 | D:2      | XOM: torment (8/14 hp)
  1335 | D:2      | Reached XP level 3. HP: 17/17 MP: 4/4
  1577 | D:2      | XOM: give mutations
  1577 | D:2      | Gained mutation: You are partially covered in iridescent
                  | scales. (AC +2) [Xom's grace]
  1577 | D:2      | Gained mutation: You are mostly covered in iridescent
                  | scales. (AC +4) [Xom's grace]
  1577 | D:2      | Gained mutation: Your flesh is cold resistant. (rC+) [Xom's
                  | grace]
  1577 | D:2      | Gained mutation: You are completely covered in iridescent
                  | scales. (AC +6) [Xom's grace]
  1686 | D:2      | XOM: give mutations
  1686 | D:2      | Gained mutation: You have an increased reservoir of magic.
                  | (+10% MP) [Xom's grace]
  1686 | D:2      | Gained mutation: You are resistant to electric shocks.
                  | (rElec) [Xom's grace]
  1746 | D:2      | Reached skill level 4 in Dodging
  1759 | D:2      | XOM: noise
  1810 | D:2      | XOM: potion effect (berserk rage)
  1831 | D:2      | XOM: blink monster(s)
  1834 | D:2      | XOM: summons friendly white imp
  1850 | D:2      | Killed Terence
  1851 | D:2      | Reached XP level 4. HP: 15/21 MP: 5/5
  1971 | D:2      | XOM is BORED!
  1971 | D:2      | XOM: stat loss: -2 Str (6/8)
  2035 | D:2      | XOM: give mutation
  2035 | D:2      | Gained mutation: Your spells are a little harder to cast,
                  | but a little more powerful. [Xom's grace]
  2068 | D:3      | Noticed Sigmund
  2088 | D:3      | Found Roilujysk's Assorted Antiques.
  2214 | D:3      | Bought 2 clear potions for 54 gold pieces
  2214 | D:3      | Bought 2 lumpy ruby potions for 54 gold pieces
  2214 | D:3      | Bought a scroll labelled FOGINE ABLARR for 30 gold pieces
  2232 | D:3      | Noticed Grinder
  2232 | D:3      | XOM: enchant monster (good)
  2240 | D:3      | Killed Grinder
  2241 | D:3      | Reached skill level 5 in Dodging
  2241 | D:3      | Reached skill level 5 in Unarmed Combat
  2241 | D:3      | Reached XP level 5. HP: 24/24 MP: 6/6
  2241 | D:3      | Gained mutation: You are covered in thick fur. (AC +2)
                  | [Felid growth]
  2241 | D:3      | Reached XP level 6. HP: 28/28 MP: 7/7
  2281 | D:3      | Killed Sigmund
  2282 | D:3      | Reached skill level 6 in Unarmed Combat
  2394 | D:3      | XOM: give mutations
  2394 | D:3      | Gained mutation: Your thick and shaggy fur keeps you warm.
                  | (AC +3, rC+) [Xom's grace]
  2394 | D:3      | Gained mutation: You are strong-willed. (Will+) [Xom's
                  | grace]
  2600 | D:3      | Bought a scroll of identify for 60 gold pieces
  2603 | D:3      | XOM: divination: detect items
  2683 | D:4      | Reached skill level 4 in Fighting
  2819 | D:4      | XOM: fog
  2833 | D:4      | Reached XP level 7. HP: 31/33 MP: 8/8
  2922 | D:4      | Found Anacsaonk's Assorted Antiques.
  3259 | D:5      | Entered Level 5 of the Dungeon
  3354 | D:5      | XOM: divination: magic mapping
  3392 | D:5      | XOM: give mutations
  3392 | D:5      | Gained mutation: Your flesh is very cold resistant. (rC++)
                  | [Xom's grace]
  3392 | D:5      | Gained mutation: Your spells are harder to cast, but more
                  | powerful. [Xom's grace]
  3392 | D:5      | Gained mutation: You have hidden genetic potential. [Xom's
                  | grace]
  3392 | D:5      | Gained mutation: You are agile. (Dex +4, Str/Int -1) [Xom's
                  | grace]
  3404 | D:5      | XOM: god gift: 39 gold pieces
  3415 | D:5      | Reached skill level 5 in Fighting
  3508 | D:5      | Reached skill level 7 in Unarmed Combat
  3526 | D:5      | XOM: fog
  3527 | D:5      | XOM: enchant monster (good)
  3542 | D:5      | Reached skill level 6 in Dodging
  3542 | D:5      | Reached skill level 4 in Stealth
  3575 | D:5      | XOM: give mutations
  3575 | D:5      | Lost mutation: Your spells are harder to cast, but more
                  | powerful. [Xom's mischief]
  3575 | D:5      | Lost mutation: You have hidden genetic potential. [Xom's
                  | mischief]
  3575 | D:5      | Lost mutation: You are strong-willed. (Will+) [Xom's
                  | mischief]
  3575 | D:5      | Lost mutation: You are agile. (Dex +4, Str/Int -1) [Xom's
                  | mischief]
  3612 | D:5      | XOM: 2-stop teleportation journey
  3624 | D:5      | Reached XP level 8. HP: 32/37 MP: 9/9
  3636 | D:5      | XOM: give mutation
  3636 | D:5      | Lost mutation: You have an increased reservoir of magic.
                  | (+10% MP) [Xom's mischief]
  3636 | D:5      | XOM: butterfly on damage
  3638 | D:5      | Killed from afar by an orc priest
  3675 | D:5      | an ogre changed into a queen bee
  3675 | D:5      | Noticed a queen bee
  3675 | D:5      | XOM: polymorph ogre -> queen bee
  3685 | D:5      | Killed a queen bee
  3686 | D:5      | Reached skill level 7 in Dodging
  3686 | D:5      | Reached skill level 5 in Stealth
  3852 | D:5      | XOM: butterfly on damage
  3913 | D:4      | XOM: draining
  3926 | D:5      | XOM: butterfly on damage
  4049 | D:4      | Reached skill level 8 in Dodging
  4177 | D:5      | Found a staircase to the Ecumenical Temple.
  4330 | D:5      | XOM: cast spell 'Olgreb's Toxic Radiance'
  4376 | D:5      | XOM: silly message
  4422 | D:5      | Identified the +2 helmet of Compression {Harm rPois}
  4432 | D:5      | XOM: give mutations
  4432 | D:5      | Lost mutation: Your flesh is very cold resistant. (rC++)
                  | [Xom's mischief]
  4432 | D:5      | Gained mutation: You sometimes lose your temper in combat.
                  | [Xom's mischief]
  4432 | D:5      | Gained mutation: You are weak. (Str -2) [Xom's mischief]
  4473 | D:3      | Bought an encrusted moonstone ring for 150 gold pieces
  4629 | D:6      | XOM: give mutation
  4629 | D:6      | Lost mutation: You are weak. (Str -2) [Xom's mischief]
  4633 | D:6      | Reached skill level 9 in Dodging
  4753 | D:6      | XOM: summons 1 hostile demon
  4948 | D:6      | Reached skill level 1 in Air Magic
  4957 | D:6      | Identified the +7 tower shield of the Heavens {Int+3}
  5106 | D:6      | XOM: stat loss: -1 Str (7/8)
  5148 | D:6      | XOM: summons 4 hostile demons
  5149 | D:6      | Noticed a rust devil
  5401 | D:7      | Reached skill level 10 in Dodging
  5401 | D:7      | Reached skill level 2 in Air Magic
  5571 | D:7      | Reached skill level 3 in Air Magic
  5571 | D:7      | XOM: 1-stop teleportation journey
  5617 | D:7      | XOM: chaos upgrade
  5733 | D:7      | Reached XP level 9. HP: 40/40 MP: 10/10
  5771 | D:7      | XOM: summons 5 hostile demons
  5782 | D:7      | HP: 2/40 [neqoxec/psychic fangs[Xom] (10)]
  5807 | D:6      | Reached skill level 4 in Air Magic
  5921 | D:7      | XOM: summons 5 hostile demons
  5945 | D:7      | XOM: summons 1 hostile shadow creature
  5949 | D:7      | XOM: swap monsters
  5960 | D:7      | XOM: 4-stop teleportation journey
  5986 | D:7      | XOM: chaos cloud
  5992 | D:7      | Reached skill level 5 in Air Magic
  6113 | D:7      | Learned a level 4 spell: Airstrike
  6138 | D:7      | Reached skill level 1 in Spellcasting
  6208 | D:7      | XOM: draining
  6259 | D:7      | Learned a level 4 spell: Summon Lightning Spire
  6616 | D:7      | XOM: summons 3 hostile demons
  6622 | D:7      | XOM: cast spell 'Chain of Chaos'
  6623 | D:7      | Reached skill level 2 in Spellcasting
  6628 | D:7      | Reached skill level 6 in Air Magic
  6649 | D:7      | XOM: scenery: summon butterflies
  6674 | D:7      | XOM: scenery: create altars
  6762 | D:8      | Reached skill level 3 in Spellcasting
  6823 | D:8      | Found Ogruxaod's Magic Scroll Shoppe.
  6826 | D:8      | Bought a scroll of teleportation for 33 gold pieces
  6826 | D:8      | Bought a scroll of identify for 22 gold pieces
  6881 | D:8      | XOM: 2-stop teleportation journey
  6975 | D:8      | Noticed a troll
  6976 | D:8      | Found a shimmering altar of Xom.
  6980 | D:8      | XOM: smoke on damage
  7002 | D:8      | XOM: chaos upgrade
  7003 | D:8      | Reached skill level 4 in Spellcasting
  7014 | D:8      | XOM: enchant monster (bad)
  7024 | D:8      | Reached skill level 7 in Air Magic
  7068 | D:8      | Killed a troll
  7069 | D:8      | Reached XP level 10. HP: 37/44 MP: 17/17
  7130 | D:8      | Reached skill level 8 in Air Magic
  7153 | D:8      | XOM: give mutations
  7153 | D:8      | Lost mutation: You sometimes lose your temper in combat.
                  | [Xom's mischief]
  7153 | D:8      | Gained mutation: Your muscles are strong. (Str +4, Int/Dex
                  | -1) [Xom's mischief]
  7230 | D:8      | XOM: give mutations
  7230 | D:8      | Gained mutation: You are partially covered in large bone
                  | plates. (SH +4) [Xom's mischief]
  7230 | D:8      | Gained mutation: Your magical capacity is low. (-10% MP)
                  | [Xom's mischief]
  7230 | D:8      | Gained mutation: You occasionally shout uncontrollably at
                  | your foes. [Xom's mischief]
  7232 | D:8      | XOM: noise
  7697 | D:8      | XOM: summons 2 hostile demons
  8069 | D:8      | XOM: noise
  8076 | D:8      | XOM: silly message
  8168 | D:9      | Noticed Pikel
  8199 | D:8      | Killed Pikel
  8200 | D:8      | Reached skill level 6 in Fighting
  8200 | D:8      | Reached skill level 5 in Spellcasting
  8321 | D:9      | XOM: noise
  8554 | D:9      | Learned a level 2 spell: Static Discharge
  8558 | D:9      | Learned a level 3 spell: Ozocubu's Armour
  8564 | D:9      | Learned a level 5 spell: Freezing Cloud
  8587 | D:9      | Noticed a two-headed ogre
  8676 | D:9      | Noticed a cyclops
  8739 | D:9      | XOM: summons friendly crimson imp
  8741 | D:9      | Noticed Maurice
  8780 | D:9      | Maurice stole a ring of willpower
  8786 | D:9      | Killed Maurice
  8787 | D:9      | Reached skill level 1 in Conjurations
  8787 | D:9      | Reached skill level 1 in Ice Magic
  8818 | D:9      | Found a blossoming altar of Fedhas.
  8818 | D:9      | Found a glowing silver altar of Zin.
  8818 | D:9      | XOM: 3-stop teleportation journey
  8978 | D:9      | Paralysed by a hornet for 1 turns
  9055 | D:9      | Killed a two-headed ogre
  9056 | D:9      | Reached skill level 9 in Air Magic
  9056 | D:9      | Reached XP level 11. HP: 49/49 MP: 0/18
  9073 | D:9      | XOM: 4-stop teleportation journey
  9098 | D:9      | XOM: smoke on damage
  9206 | D:9      | Noticed Gastronok
  9357 | D:9      | Found a sacrificial altar of Ru.
  9399 | D:9      | Noticed Joseph
  9409 | D:9      | Killed Joseph
  9410 | D:9      | Reached skill level 2 in Conjurations
  9410 | D:9      | Reached skill level 2 in Ice Magic
  9567 | D:9      | Reached skill level 7 in Fighting
  9689 | D:9      | XOM: god gift: glowing chain mail {god gift}
  9821 | D:9      | XOM: give mutations
  9821 | D:9      | Gained mutation: Your natural rate of healing is unusually
                  | fast. [Xom's grace]
  9821 | D:9      | Gained mutation: You are somewhat resistant to further
                  | mutation. [Xom's grace]
  9821 | D:9      | Gained mutation: You expend magic power (3 MP) to
                  | strengthen your wands. [Xom's grace]
  9822 | D:9      | XOM: divination: magic mapping
  9863 | D:9      | XOM: god gift: 6 stones
  9905 | D:9      | Noticed Psyche
  9905 | D:9      | XOM: cleaving
  9937 | D:10     | Entered Level 10 of the Dungeon
  9944 | D:10     | XOM: enchant monster (good)
  9946 | D:10     | Reached skill level 6 in Spellcasting
  9985 | D:10     | XOM: give mutations
  9985 | D:10     | Gained mutation: You have a pair of small horns on your
                  | head. [Xom's grace]
  9985 | D:10     | Gained mutation: You are strong-willed. (Will+) [Xom's
                  | grace]
 10017 | D:10     | Found a flagged portal.
 10055 | Bailey   | Entered a bailey
 10181 | Bailey   | XOM: divination: detect creatures
 10342 | Bailey   | Noticed an orc knight
 10351 | Bailey   | Killed an orc knight
 10368 | Bailey   | Noticed an orc knight
 10381 | Bailey   | Killed an orc knight
 10382 | Bailey   | Reached skill level 3 in Conjurations
 10382 | Bailey   | Reached skill level 3 in Ice Magic
 10418 | Bailey   | XOM: cast spell 'Summon Ice Beast'
 10419 | Bailey   | Noticed an orc knight
 10437 | Bailey   | Killed an orc knight
 10851 | D:10     | Found a staircase to the Orcish Mines.
 10903 | D:10     | Found a staircase to the Lair.
 11023 | D:10     | XOM: polymorph orc wizard -> goblin
 11112 | D:10     | XOM: cloud trail
 11153 | D:10     | XOM: scenery: 1 doors open
 11164 | D:10     | XOM: polymorph yak -> centaur
 11425 | D:10     | XOM: cloud trail
 11445 | D:10     | Found an ornate altar of the Wu Jian Council.
 11722 | D:10     | Reached skill level 4 in Ice Magic
 11978 | Lair:1   | Entered Level 1 of the Lair of Beasts
 12062 | Lair:1   | Reached skill level 4 in Conjurations
 12121 | Lair:1   | XOM: silly message
 12170 | Lair:1   | Noticed a boulder beetle
 12172 | Lair:1   | XOM: divination: detect items
 12173 | Lair:1   | XOM: summons 7 friendly demons
 12179 | Lair:1   | XOM: summons friendly quasit
 12181 | Lair:1   | Killed a boulder beetle
 12182 | Lair:1   | Reached skill level 8 in Fighting
 12182 | Lair:1   | Reached skill level 7 in Spellcasting
 12182 | Lair:1   | Reached skill level 1 in Evocations
 12191 | Lair:1   | Reached skill level 2 in Evocations
 12191 | Lair:1   | Mutation became permanent: You are covered in thick fur.
                  | (AC +2) [Felid growth]
 12191 | Lair:1   | Gained mutation: Your thick and shaggy fur keeps you warm.
                  | (AC +3, rC+) [Felid growth]
 12191 | Lair:1   | Reached XP level 12. HP: 33/55 MP: 4/21
 12379 | Lair:1   | XOM: silly message
 12409 | Lair:1   | Reached skill level 10 in Air Magic
 12526 | Lair:1   | Found a runed translucent gate.
 12526 | Lair:1   | Found a runed translucent gate.
 12526 | Lair:1   | Found a runed translucent gate.
 12526 | Lair:1   | Noticed rasy's ghost (novice DsBe)
 12526 | Lair:1   | XOM: 9-stop teleportation journey
 12653 | Lair:1   | XOM: snakes to sticks
 12657 | Lair:1   | Reached skill level 3 in Evocations
 12659 | Lair:1   | Reached skill level 5 in Ice Magic
 12660 | Lair:1   | XOM: god gift: shimmering chain mail {god gift}
 12660 | Lair:1   | Identified the +2 chain mail "Hoggoor" {rN+} (Xom gifted it
                  | to you on level 1 of the Lair of Beasts)
 12666 | Lair:1   | XOM: polymorph blink frog -> iguana
 12869 | Lair:1   | Found a viscous altar of Jiyva.
 13655 | Lair:1   | XOM: fog
 13666 | Lair:1   | XOM: confusion (+ monsters)
 13669 | Lair:1   | XOM: summons 2 friendly demons
 13672 | Lair:1   | XOM: scenery: summon butterflies
 13698 | Lair:1   | XOM: enchant monster (good)
 13704 | Lair:1   | XOM: fake destruction
 13707 | Lair:1   | XOM: summons 3 hostile demons
 13824 | Lair:1   | XOM: give mutations
 13824 | Lair:1   | Lost mutation: Your natural rate of healing is unusually
                  | fast. [Xom's mischief]
 13824 | Lair:1   | Lost mutation: You are somewhat resistant to further
                  | mutation. [Xom's mischief]
 13966 | Lair:2   | Noticed a seven-headed hydra
 13966 | Lair:2   | Found the +0 toga "Victory" {*Victory Clar}
 13987 | Lair:2   | Killed a seven-headed hydra
 13988 | Lair:2   | Reached skill level 4 in Evocations
 14098 | Lair:2   | XOM: stat loss: -1 Dex (18/19)
 14328 | Lair:2   | XOM: god gift: scroll of enchant armour
 14363 | Lair:2   | Reached skill level 8 in Spellcasting
 14450 | Lair:2   | Reached skill level 6 in Ice Magic
 14821 | Lair:2   | XOM: summons 2 friendly demons
 14833 | Lair:2   | XOM: cleaving
 14838 | Lair:2   | XOM: enchant monster (good)
 14853 | Lair:2   | XOM: cast spell 'Monstrous Menagerie'
 15036 | Lair:2   | Learned a level 3 spell: Mephitic Cloud
 15166 | Lair:2   | Found a staircase to the Snake Pit.
 15176 | Lair:2   | XOM: fog
 15189 | Lair:2   | Reached skill level 1 in Summonings
 15189 | Lair:2   | Reached skill level 7 in Ice Magic
 15195 | Lair:2   | Noticed an eight-headed hydra
 15328 | Lair:2   | XOM: give mutations
 15328 | Lair:2   | Gained mutation: You have hidden genetic potential. [Xom's
                  | grace]
 15328 | Lair:2   | Gained mutation: You are highly strong-willed. (Will++)
                  | [Xom's grace]
 15371 | Lair:2   | Killed an eight-headed hydra
 15372 | Lair:2   | Reached skill level 9 in Spellcasting
 15538 | Lair:2   | Reached skill level 2 in Summonings
 15691 | Lair:2   | XOM: 9-stop teleportation journey
 15869 | Lair:2   | XOM: god gift: book of Dreams
 16032 | Lair:3   | Noticed a death yak
 16034 | Lair:3   | Noticed a death yak
 16034 | Lair:3   | Noticed a death yak
 16035 | Lair:3   | Noticed a death yak
 16036 | Lair:3   | Noticed a death yak
 16040 | Lair:3   | Noticed a death yak
 16044 | Lair:3   | Engulfed by a cloud of poison gas
 16050 | Lair:3   | Killed a death yak
 16051 | Lair:3   | Reached skill level 3 in Summonings
 16063 | Lair:3   | Killed a death yak
 16075 | Lair:3   | Killed a death yak
 16076 | Lair:3   | Reached XP level 13. HP: 58/58 MP: 7/24
 16092 | Lair:3   | Reached skill level 4 in Summonings
 16092 | Lair:3   | Reached skill level 8 in Ice Magic
 16252 | Lair:3   | XOM: summons 13 friendly demons
 16258 | Lair:3   | XOM: potion effect (invisibility)
 16424 | Lair:3   | XOM: 2-stop teleportation journey
 16902 | Lair:3   | XOM: god gift: wand of flame (7)
 16936 | Lair:3   | XOM: give mutation
 16936 | Lair:3   | Lost mutation: Your spells are a little harder to cast, but
                  | a little more powerful. [Xom's mischief]
 17155 | Lair:3   | Reached skill level 10 in Spellcasting
 17438 | Lair:4   | XOM: enchant monster (good)
 17443 | Lair:4   | XOM: enchant monster (bad)
 17444 | Lair:4   | XOM: polymorph five-headed hydra -> merfolk
 17524 | Lair:4   | XOM: summons friendly white imp
 17597 | Lair:3   | XOM is BORED!
 17597 | Lair:3   | XOM: summons 7 hostile demons
 17752 | Lair:4   | XOM: torment (30/58 hp)
 17755 | Lair:4   | XOM: noise
 17763 | Lair:4   | XOM: scenery: create altars
 17985 | Lair:4   | Reached skill level 5 in Conjurations
 18011 | Lair:4   | Gained mutation: Your skin changes colour to match your
                  | surroundings (Stealth+). [hidden potential]
 18014 | Lair:4   | XOM: silly message
 18043 | Lair:3   | XOM: divination: magic mapping
 18055 | Lair:3   | Reached skill level 9 in Ice Magic
 18190 | Lair:4   | XOM: potion effect (haste)
 18543 | Lair:4   | XOM: cast spell 'Discord'
 18650 | Lair:4   | XOM: scenery: summon butterflies
 18705 | Lair:4   | XOM: 2-stop teleportation journey
 18910 | Lair:4   | XOM: scenery: create altars
 18956 | Lair:4   | XOM: butterfly on damage
 18963 | Lair:4   | Reached skill level 6 in Conjurations
 18975 | Lair:4   | XOM: summons 3 friendly demons
 19001 | Lair:4   | XOM: polymorph shadow imp -> crimson imp
 19112 | Lair:4   | Found a viscous altar of Jiyva.
 19163 | Lair:4   | XOM: give mutations
 19163 | Lair:4   | Gained mutation: You are mostly covered in large bone
                  | plates. (SH +6) [Xom's grace]
 19163 | Lair:4   | Gained mutation: Your muscles are very strong. (Str +8,
                  | Int/Dex -2) [Xom's grace]
 19163 | Lair:4   | Gained mutation: You are extremely strong-willed. (Will+++)
                  | [Xom's grace]
 19302 | Lair:4   | XOM: cast spell 'Cause Fear'
 19465 | Lair:4   | XOM: divination: magic mapping
 19554 | Lair:4   | XOM: potion effect (might)
 19596 | Lair:4   | Found a staircase to the Slime Pits.
 19810 | Lair:5   | Entered Level 5 of the Lair of Beasts
 19823 | Lair:5   | Got Sif Muna's Almanac of the Flock and Flame
 19843 | Lair:5   | XOM: divination: detect creatures
 19844 | Lair:5   | XOM: cleaving
 19847 | Lair:5   | XOM: scenery: 4 doors open
 19849 | Lair:5   | XOM: god gift: +4 skin of Zhor {*Englaciate rC+++ SInv}
 19850 | Lair:5   | Found the +4 skin of Zhor {*Englaciate rC+++ SInv}
 19860 | Lair:5   | XOM: summons friendly iron imp
 20012 | Lair:5   | Reached skill level 10 in Ice Magic
 20123 | Lair:4   | XOM: scenery: create altars
 20147 | Lair:4   | Reached skill level 7 in Conjurations
 20234 | Lair:5   | XOM: give mutation
 20234 | Lair:5   | Gained mutation: You possess an exceptional clarity of
                  | mind. [Xom's grace]
 20251 | Lair:4   | XOM: destruction
 20483 | Lair:5   | XOM: summons 6 friendly demons
 20490 | Lair:5   | XOM: repel stairs
 20782 | Lair:5   | XOM: summons friendly white imp
 20793 | Lair:5   | Reached XP level 14. HP: 38/63 MP: 3/26
 20930 | Lair:5   | XOM: cast spell 'Olgreb's Toxic Radiance'
 21153 | Lair:5   | XOM: god gift: wand of charming (5)
 21161 | Lair:5   | XOM: god gift: wand of iceblast (4)
 21162 | Lair:5   | XOM: summons 2 friendly demons
 21167 | Lair:5   | XOM: smoke on damage
 21169 | Lair:5   | Reached skill level 8 in Conjurations
 21276 | Lair:5   | XOM: god gift: Xom's Elucidation of the Eagle {god gift}
 21294 | Lair:5   | Got Xom's Elucidation of the Eagle {god gift}
 21301 | Lair:5   | Learned a level 5 spell: Irradiate
 21331 | Lair:5   | XOM: scenery: summon butterflies
 21433 | Lair:5   | XOM: god gift: scroll of teleportation
 21448 | Lair:5   | XOM: summons 4 friendly demons
 21457 | Lair:5   | XOM: draining
 21470 | Lair:5   | XOM: stat loss: -1 Dex (17/18)
 21491 | Lair:5   | Reached skill level 1 in Transmutations
 21502 | Lair:5   | XOM: repel stairs
 21507 | Lair:5   | XOM: scenery: summon butterflies
 21515 | Lair:5   | Reached skill level 2 in Transmutations
 21557 | Lair:5   | XOM: give mutations
 21557 | Lair:5   | Gained mutation: You have a somewhat thin skeletal
                  | structure. (Dex +2, Stealth+) [Xom's grace]
 21557 | Lair:5   | Gained mutation: You have great hidden genetic potential.
                  | [Xom's grace]
 21557 | Lair:5   | Gained mutation: You have a pair of horns on your head.
                  | [Xom's grace]
 21870 | Lair:5   | Reached skill level 3 in Transmutations
 21884 | Lair:5   | XOM: 7-stop teleportation journey
 21941 | Lair:5   | XOM: cloud trail
 22010 | Lair:5   | Gained mutation: Your system is resistant to poisons.
                  | (rPois) [hidden potential]
 22010 | Lair:5   | Lost mutation: You have great hidden genetic potential.
                  | [hidden potential expressed]
 22377 | Lair:5   | XOM: summons 3 hostile shadow creatures
 22393 | Lair:5   | XOM: butterfly on damage
 22403 | Lair:5   | XOM: 1-stop teleportation journey
 22504 | Lair:4   | XOM: summons 8 hostile demons
 22621 | Lair:5   | XOM: summons 4 friendly demons
 22793 | Lair:5   | XOM: divination: magic mapping
 22853 | Lair:5   | Reached skill level 4 in Transmutations
 22943 | Lair:5   | XOM: cloud trail
 23167 | Lair:5   | XOM: confuse monster(s)
 23196 | Lair:5   | Reached skill level 9 in Conjurations
 23205 | Lair:5   | XOM: scenery: 1 doors open
 23232 | Lair:5   | XOM: cleaving
 23265 | Lair:5   | XOM: god gift: +0 ice dragon scales
 23278 | Lair:5   | Reached skill level 5 in Transmutations
 23353 | Lair:5   | XOM: scenery: 2 doors open
 23587 | D:11     | XOM: stat loss: -1 Dex (19/20)
 23597 | D:11     | Noticed Nergalle
 23610 | D:11     | Killed Nergalle
 23776 | D:11     | XOM: destruction
 23795 | D:11     | XOM: noise
 23950 | D:11     | XOM: 2-stop teleportation journey
 23951 | D:11     | XOM: 4-stop teleportation journey
 23963 | D:10     | XOM: scenery: 4 doors close
 23969 | D:10     | XOM: enchant monster (good)
 24082 | D:10     | XOM: cast spell 'Summon Ice Beast'
 24315 | D:11     | XOM: cloud trail
 24636 | D:11     | Reached skill level 6 in Transmutations
 24698 | D:11     | XOM: summons 3 hostile shadow creatures
 24810 | D:11     | XOM: potion effect (invisibility)
 25312 | D:11     | Identified 2 scrolls of acquirement
 25328 | D:11     | XOM: silly message
 25400 | Orc:1    | Entered Level 1 of the Orcish Mines
 25424 | Orc:1    | XOM: divination: magic mapping
 25558 | Orc:1    | XOM: 2-stop teleportation journey
 25630 | Orc:1    | You fall into a shaft and drop 1 floor!
 25630 | Orc:2    | Entered Level 2 of the Orcish Mines
 25630 | Orc:2    | XOM: confuse monster(s)
 25729 | Orc:2    | Found a staircase to the Elven Halls.
 25854 | Orc:2    | XOM: summons friendly ufetubus
 25860 | Orc:2    | Found Kinasmiz's General Store.
 25868 | Orc:2    | Bought a scroll of teleportation for 42 gold pieces
 25868 | Orc:2    | Bought a scroll of identify for 28 gold pieces
 25868 | Orc:2    | Bought a scroll of blinking for 105 gold pieces
 25868 | Orc:2    | Bought a scroll of fog for 56 gold pieces
 25868 | Orc:2    | Bought a scroll of immolation for 56 gold pieces
 26040 | Orc:2    | Reached skill level 10 in Conjurations
 26040 | Orc:2    | Reached skill level 7 in Transmutations
 26128 | Orc:1    | XOM: potion effect (might)
 26225 | Orc:1    | XOM: 8-stop teleportation journey
 26658 | Orc:1    | XOM: summons 8 hostile demons
 26697 | Orc:1    | XOM: noise
 26705 | Orc:1    | Noticed Erolcha
 26710 | Orc:1    | Killed Erolcha
 26917 | Orc:1    | XOM: chaos upgrade
 26951 | Orc:1    | XOM: smoke on damage
 26951 | Orc:1    | XOM: torment (33/63 hp)
 27075 | Orc:1    | Reached skill level 8 in Transmutations
 27089 | Orc:1    | XOM: polymorph two-headed ogre -> spriggan
 27281 | Orc:2    | Reached skill level 9 in Transmutations
 27310 | Orc:2    | XOM: give mutation
 27310 | Orc:2    | Lost mutation: Your skin changes colour to match your
                  | surroundings (Stealth+). [Xom's mischief]
 27317 | Orc:2    | XOM: stat loss: -1 Int (11/12)
 27411 | Orc:2    | XOM: chaos cloud
 27682 | Orc:2    | XOM: summons 2 hostile demons
 27773 | Orc:2    | Found Libbuh's Armour Shoppe.
 28130 | Orc:2    | XOM: enchant monster (bad)
 28137 | Orc:2    | Found Doil's General Store.
 28142 | Orc:2    | Bought 2 scrolls of immolation for 96 gold pieces
 28142 | Orc:2    | Bought a scroll of fear for 48 gold pieces
 28142 | Orc:2    | Acquired the Spellbook of the Geodesic and Ozone
 28143 | Orc:2    | Acquired the amulet "Onuonneo" {Spirit Rampage Int+3}
 28155 | Orc:2    | Learned a level 4 spell: Vhi's Electric Charge
 28158 | Orc:2    | Learned a level 2 spell: Passwall
 28316 | Orc:2    | Reached XP level 15. HP: 64/66 MP: 25/27
 28333 | Orc:2    | XOM: chaos cloud
 28337 | Orc:2    | XOM: fog
 28363 | Orc:2    | XOM: cloud trail
 28425 | Orc:2    | XOM: cast spell 'Leda's Liquefaction'
 28429 | Orc:2    | Reached skill level 1 in Translocations
 28479 | Orc:2    | Noticed Saint Roka
 28482 | Orc:2    | Killed Saint Roka
 28483 | Orc:2    | Reached skill level 2 in Translocations
 28509 | Orc:2    | XOM: potion effect (magic)
 28713 | Orc:1    | XOM: silly message
 28714 | Orc:1    | XOM: cloud trail
 28842 | Orc:2    | Found Zisyar's Antique Weapon Emporium.
 28844 | Orc:2    | Found Soaniu's Antique Armour Shoppe.
 29191 | D:12     | XOM: divination: magic mapping
 29356 | D:12     | Gained mutation: You are robust. (+10% HP) [hidden
                  | potential]
 29448 | D:12     | XOM: divination: detect creatures
 29456 | D:12     | XOM: potion effect (invisibility)
 29715 | D:12     | XOM: divination: detect creatures
 29824 | D:12     | Reached skill level 3 in Translocations
 29864 | D:12     | XOM: potion effect (haste)
 30524 | D:12     | XOM: polymorph slime creature -> spark wasp
 30525 | D:12     | XOM: divination: magic mapping
 30525 | D:12     | XOM: smoke on damage
 30862 | D:13     | XOM is BORED!
 31190 | D:13     | Reached skill level 1 in Shapeshifting
 31190 | D:13     | XOM: give mutations
 31190 | D:13     | Gained mutation: Your spells are a little harder to cast,
                  | but a little more powerful. [Xom's grace]
 31190 | D:13     | Gained mutation: You are agile. (Dex +4, Str/Int -1) [Xom's
                  | grace]
 31190 | D:13     | Gained mutation: Your mind is acute. (Int +4, Str/Dex -1)
                  | [Xom's grace]
 31439 | D:13     | Reached skill level 4 in Translocations
 31455 | D:13     | Learned a level 2 spell: Blink
 31479 | D:13     | XOM: scenery: 3 doors close
 31488 | D:13     | Reached skill level 10 in Transmutations
 31874 | D:13     | XOM: god gift: 14 gold pieces
 31986 | D:13     | XOM: cast spell 'Olgreb's Toxic Radiance'
 32161 | D:13     | Reached skill level 2 in Shapeshifting
 32229 | D:13     | Found a gate to the Vaults.
 32229 | D:13     | XOM: cast spell 'Call Canine Familiar'
 32231 | D:13     | XOM: potion effect (haste)
 32277 | D:13     | XOM: silly message
 32315 | D:14     | Reached skill level 11 in Dodging
 32328 | D:14     | Reached skill level 5 in Translocations
 32331 | D:14     | Reached skill level 8 in Unarmed Combat
 32377 | D:13     | XOM: silly message
 32494 | D:14     | XOM: enchant monster (good)
 32623 | D:14     | XOM: silly message
 32682 | D:14     | Found a frozen archway.
 32879 | D:14     | Found an opulent altar of Gozag.
 32879 | D:14     | XOM: 2-stop teleportation journey
 33246 | D:14     | Found Gozag's Platinum Reserve.
 33362 | D:14     | Reached skill level 9 in Fighting
 33385 | D:14     | XOM: confuse monster(s)
 33415 | D:14     | XOM: 1-stop teleportation journey
 33644 | D:14     | XOM: stat loss: -1 Dex (25/26)
 33830 | D:15     | Entered Level 15 of the Dungeon
 33839 | D:15     | Reached skill level 3 in Shapeshifting
 34111 | D:15     | Found a white marble altar of Elyvilon.
 34129 | D:15     | XOM: swap monsters
 34167 | D:15     | Noticed Kirke
 34173 | D:15     | Killed Kirke
 34174 | D:15     | Reached skill level 6 in Translocations
 34305 | D:15     | Identified the +6 quarterstaff "Ikaf" {freeze, rC+ rN+}
 34312 | D:15     | XOM: summons 4 hostile shadow creatures
 34317 | D:15     | XOM: 4-stop teleportation journey
 34371 | D:15     | XOM: summons friendly crimson imp
 34656 | D:15     | XOM: divination: magic mapping
 34849 | D:15     | XOM: give mutations
 34849 | D:15     | Lost mutation: You are robust. (+10% HP) [Xom's mischief]
 34849 | D:15     | Lost mutation: You are mostly covered in large bone plates.
                  | (SH +6) [Xom's mischief]
 34849 | D:15     | Lost mutation: You are partially covered in large bone
                  | plates. (SH +4) [Xom's mischief]
 34902 | D:15     | XOM: summons 4 hostile demons
 34913 | D:15     | XOM: summons 7 hostile demons
 34964 | D:15     | XOM: silly message
 35017 | D:15     | Reached XP level 16. HP: 72/72 MP: 7/28
 35131 | D:15     | XOM: give mutation
 35131 | D:15     | Lost mutation: You occasionally shout uncontrollably at
                  | your foes. [Xom's mischief]
 35160 | D:15     | Found a staircase to the Depths.
 35432 | D:14     | XOM: give mutation
 35432 | D:14     | Lost mutation: Your flesh is cold resistant. (rC+) [Xom's
                  | mischief]
 35732 | Lair:1   | XOM: scenery: summon butterflies
 36081 | Lair:1   | Found a viscous altar of Jiyva.
 36203 | Lair:1   | Killed rasy's ghost
 36669 | Shoals:1 | Entered Level 1 of the Shoals
 36673 | Shoals:1 | Reached skill level 4 in Shapeshifting
 36676 | Shoals:1 | Reached skill level 11 in Spellcasting
 37070 | Shoals:1 | XOM: divination: detect creatures
 37141 | Shoals:1 | Reached skill level 7 in Translocations
 37143 | Shoals:1 | Reached skill level 12 in Dodging
 37236 | Shoals:1 | XOM: silly message
 37331 | Shoals:1 | Noticed Jorgrun
 37338 | Shoals:1 | Killed Jorgrun
 37350 | Shoals:1 | Gained mutation: Your spells are harder to cast, but more
                  | powerful. [hidden potential]
 37350 | Shoals:1 | Lost mutation: You have hidden genetic potential. [hidden
                  | potential expressed]
 37448 | Shoals:1 | Noticed Louise
 37458 | Shoals:1 | Killed Louise
 37477 | Shoals:1 | XOM: silly message
 37586 | Shoals:1 | XOM: confuse monster(s)
 38293 | Shoals:2 | XOM is BORED!
 38293 | Shoals:2 | XOM: noise
 38299 | Shoals:2 | Reached skill level 9 in Unarmed Combat
 38530 | Shoals:2 | XOM: god gift: 2 scrolls of poison
 38542 | Shoals:2 | XOM: god gift: 2 stones
 38905 | Shoals:2 | XOM: enchant monster (bad)
 39695 | Shoals:3 | XOM is BORED!
 39712 | Shoals:3 | Reached skill level 8 in Translocations
 39746 | Shoals:3 | Reached skill level 10 in Fighting
 39746 | Shoals:3 | Reached skill level 5 in Shapeshifting
 39810 | Shoals:3 | XOM: god gift: 1060 gold pieces
 39970 | Shoals:3 | Noticed a kraken
 39989 | Shoals:3 | Killed a kraken
 40463 | Shoals:3 | XOM: give mutations
 40463 | Shoals:3 | Gained mutation: Your mind is very acute. (Int +8, Str/Dex
                  | -2) [Xom's grace]
 40463 | Shoals:3 | Gained mutation: Your flesh is cold resistant. (rC+) [Xom's
                  | grace]
 40472 | Shoals:4 | Entered Level 4 of the Shoals
 40732 | Shoals:4 | XOM: cloud trail
 40790 | Shoals:4 | XOM: enchant monster (good)
 40866 | Shoals:4 | XOM: 3-stop teleportation journey
 40871 | Shoals:4 | XOM: summons 6 friendly demons
 40873 | Shoals:4 | Noticed Mlioglotl
 40910 | Shoals:4 | Identified the +6 trident "Inequ Ora" {heavy, rN++ Int-5}
 40961 | Shoals:4 | XOM: chaos cloud
 41015 | Shoals:4 | XOM: swap monsters
 41015 | Shoals:4 | XOM: butterfly on damage
 41147 | Shoals:4 | Noticed Donald
 41219 | Shoals:4 | Reached skill level 9 in Translocations
 41219 | Shoals:4 | Killed Donald
 41220 | Shoals:4 | Reached skill level 13 in Dodging
 41570 | Shoals:4 | XOM: noise
 41579 | Shoals:4 | XOM: 1-stop teleportation journey
 41588 | Shoals:4 | Paralysed by an air elemental for 1 turns
 41592 | Shoals:4 | Paralysed by an air elemental for 1 turns
 41600 | Shoals:4 | XOM: 1-stop teleportation journey
 41605 | Shoals:4 | Noticed an Executioner
 41605 | Shoals:4 | Killed Mlioglotl
 41765 | Shoals:4 | XOM: potion effect (magic)
 41775 | Shoals:4 | Reached skill level 6 in Shapeshifting
 42159 | Shoals:4 | XOM: scenery: create altars
 42196 | Shoals:4 | XOM: summons 8 hostile demons
 42340 | Shoals:4 | Noticed a titan
 42359 | Shoals:4 | XOM: divination: magic mapping
 42374 | Shoals:4 | Killed a titan
 42375 | Shoals:4 | Reached XP level 17. HP: 17/77 MP: 0/30
 42460 | Shoals:4 | XOM: 2-stop teleportation journey
 42646 | Shoals:4 | Reached skill level 10 in Unarmed Combat
 42767 | Shoals:4 | XOM: 2-stop teleportation journey
 42795 | Shoals:4 | XOM: cloud trail
 42959 | Shoals:4 | Got the Handbook of Summoning
 42962 | Shoals:4 | Identified the staff of Jifuf {rC+ Int+3 Ice}
 42965 | Shoals:4 | Got a barnacled rune of Zot
 43202 | Shoals:4 | XOM: enchant monster (bad)
 43654 | Shoals:4 | Reached skill level 10 in Translocations
 43843 | Shoals:4 | XOM: silly message
 44002 | Snake:1  | Entered Level 1 of the Snake Pit
 44129 | Snake:1  | Reached skill level 12 in Spellcasting
 44419 | Snake:1  | XOM: silly message
 44550 | Snake:1  | XOM: god gift: scroll of enchant armour
 44581 | Snake:1  | Reached skill level 11 in Fighting
 44583 | Snake:1  | XOM: swap monsters
 44615 | Snake:1  | Noticed Roxanne
 44615 | Snake:1  | XOM: 3-stop teleportation journey
 44734 | Snake:1  | XOM: 2-stop teleportation journey
 44739 | Snake:1  | Reached skill level 7 in Shapeshifting
 44955 | Snake:1  | Found Gereqyi's Antique Armour Emporium.
 44955 | Snake:1  | Found Kaubuil's Antique Weapon Shoppe.
 45046 | Snake:1  | XOM: stat loss: -1 Str (12/13)
 45216 | Snake:1  | Found a broken altar of Ashenzari.
 45677 | Snake:1  | XOM: divination: detect creatures
 45885 | Snake:1  | XOM is BORED!
 45885 | Snake:1  | XOM: give mutations
 45885 | Snake:1  | Lost mutation: You are completely covered in iridescent
                  | scales. (AC +6) [Xom's mischief]
 45885 | Snake:1  | Lost mutation: You possess an exceptional clarity of mind.
                  | [Xom's mischief]
 46154 | Snake:1  | Killed Roxanne
 46312 | Snake:2  | XOM: silly message
 46378 | Snake:2  | Reached skill level 8 in Shapeshifting
 46707 | Snake:2  | Reached skill level 9 in Shapeshifting
 46710 | Snake:2  | XOM: noise
 46767 | Snake:2  | XOM: 1-stop teleportation journey
 46775 | Snake:2  | HP: 1/78 [salamander/+0 halberd (12)]
 46776 | Snake:2  | Annihilated by a salamander
 46812 | Snake:2  | XOM: silly message
 47100 | Snake:2  | Reached skill level 10 in Shapeshifting
 47308 | Snake:2  | XOM: enchant monster (bad)
 47829 | Snake:2  | XOM: noise
 48511 | Snake:2  | XOM: confusion
 48721 | Snake:3  | Reached skill level 11 in Shapeshifting
 48721 | Snake:3  | XOM: confuse monster(s)
 48727 | Snake:3  | XOM: confuse monster(s)
 48740 | Snake:3  | XOM: polymorph naga ritualist -> centaur
 49020 | Snake:3  | XOM: scenery: create altars
 49021 | Snake:3  | XOM: destruction
 49437 | Snake:3  | XOM: 4-stop teleportation journey
 49470 | Snake:3  | XOM: god gift: Xom's Atlas of Impermanence {god gift}
 49471 | Snake:3  | Got Xom's Atlas of Impermanence {god gift}
 50043 | Snake:3  | XOM: fog
 50045 | Snake:3  | Reached skill level 12 in Shapeshifting
 50131 | Snake:3  | XOM: cloud trail
 50289 | Snake:3  | Reached XP level 18. HP: 77/82 MP: 14/31
 50370 | Snake:3  | XOM: torment (53/82 hp)
 50942 | Snake:4  | Entered Level 4 of the Snake Pit
 50945 | Snake:4  | XOM: give mutations
 50945 | Snake:4  | Lost mutation: Your spells are harder to cast, but more
                  | powerful. [Xom's mischief]
 50945 | Snake:4  | Lost mutation: Your flesh is cold resistant. (rC+) [Xom's
                  | mischief]
 50945 | Snake:4  | Lost mutation: Your magical capacity is low. (-10% MP)
                  | [Xom's mischief]
 50945 | Snake:4  | Lost mutation: You are agile. (Dex +4, Str/Int -1) [Xom's
                  | mischief]
 50978 | Snake:3  | XOM: god gift: 23 gold pieces
 51366 | Snake:4  | XOM: potion effect (haste)
 51440 | Snake:4  | XOM: 2-stop teleportation journey
 51460 | Snake:4  | Reached skill level 13 in Shapeshifting
 51463 | Snake:4  | XOM: polymorph naga sharpshooter -> brain worm
 51490 | Snake:3  | Learned a level 4 spell: Manifold Assault
 51578 | Snake:4  | Identified the serpent talisman "Piegop" {Will++ Str+2
                  | Int+4}
 51578 | Snake:4  | Noticed Aizul
 51588 | Snake:4  | XOM: divination: magic mapping
 51589 | Snake:4  | Killed Aizul
 51698 | Snake:4  | XOM: cast spell 'Call Canine Familiar'
 51700 | Snake:4  | XOM: polymorph guardian serpent -> boggart
 51908 | Snake:4  | XOM: enchant monster (bad)
 52101 | Snake:4  | Reached skill level 14 in Shapeshifting
 52268 | Snake:4  | Noticed Vashnia
 52293 | Snake:3  | XOM: stat loss: -1 Int (22/23)
 52333 | Snake:3  | XOM: summons 5 hostile demons
 52424 | Snake:4  | Slain by Vashnia
 52430 | Snake:4  | Killed Vashnia
 52938 | Snake:4  | XOM: summons 4 hostile demons
 52988 | Snake:4  | XOM: give mutations
 52988 | Snake:4  | Lost mutation: Your muscles are very strong. (Str +8,
                  | Int/Dex -2) [Xom's mischief]
 52988 | Snake:4  | Lost mutation: You are resistant to electric shocks.
                  | (rElec) [Xom's mischief]
 52988 | Snake:4  | Lost mutation: You expend magic power (3 MP) to strengthen
                  | your wands. [Xom's mischief]
 52988 | Snake:4  | Lost mutation: Your muscles are strong. (Str +4, Int/Dex
                  | -1) [Xom's mischief]
 53037 | Snake:4  | XOM: confuse monster(s)
 53058 | Snake:4  | XOM: destruction
 53065 | Snake:4  | XOM: snakes to sticks
 53068 | Snake:4  | Reached skill level 14 in Dodging
 53143 | Snake:4  | XOM: give mutation
 53143 | Snake:4  | Lost mutation: Your mind is very acute. (Int +8, Str/Dex
                  | -2) [Xom's mischief]
 53159 | Snake:4  | XOM: divination: detect items
 53220 | Snake:4  | XOM: scenery: create altars
 53599 | Snake:4  | XOM: potion effect (might)
 53686 | Snake:4  | XOM: silly message
 53813 | Snake:4  | Got a serpentine rune of Zot
 54313 | D:13     | XOM: silly message
 54323 | Vaults:1 | Entered Level 1 of the Vaults
 54501 | Vaults:1 | Reached skill level 11 in Unarmed Combat
 54789 | Vaults:1 | Noticed Zenata
 55167 | Vaults:1 | Killed Zenata
 55408 | Vaults:1 | XOM: divination: magic mapping
 55563 | Vaults:1 | Reached skill level 12 in Fighting
 56006 | Vaults:2 | XOM is BORED!
 56006 | Vaults:2 | XOM: 3-stop teleportation journey
 56044 | Vaults:2 | XOM: potion effect (curing)
 56055 | Vaults:2 | Reached XP level 19. HP: 87/87 MP: 36/36
 56062 | Vaults:2 | XOM: enchant monster (good)
 56117 | Vaults:2 | XOM: confuse monster(s)
 56316 | Vaults:2 | Reached skill level 12 in Unarmed Combat
 56318 | Vaults:2 | XOM: summons friendly quasit
 56321 | Vaults:2 | XOM: polymorph skyshark -> glowing shapeshifter
 56580 | Vaults:2 | Reached skill level 13 in Fighting
 56591 | Vaults:2 | XOM: smoke on damage
 56606 | Vaults:2 | XOM: summons friendly shadow imp
 56783 | Vaults:2 | Found Nuhupe's General Store.
 56791 | Vaults:2 | Bought a wand of digging (4) for 319 gold pieces
 56791 | Vaults:2 | Bought a potion of cancellation for 152 gold pieces
 56791 | Vaults:2 | Bought a wand of iceblast (3) for 136 gold pieces
 56936 | Vaults:2 | Reached skill level 13 in Unarmed Combat
 57277 | Vaults:2 | You fall into a shaft and drop 2 floors!
 57295 | Vaults:4 | XOM: 1-stop teleportation journey
 57420 | Vaults:4 | XOM: cleaving
 57425 | Vaults:4 | XOM: summons friendly iron imp
 57427 | Vaults:4 | XOM: confuse monster(s)
 57531 | Vaults:4 | Reached skill level 14 in Fighting
 57597 | Vaults:4 | Identified the +10 short sword of Xuel {drain, rElec rPois
                  | rC+}
 57691 | Vaults:3 | XOM: cast spell 'Call Canine Familiar'
 57756 | Vaults:3 | Found a staircase to the Crypt.
 57768 | Vaults:3 | Reached skill level 14 in Unarmed Combat
 57890 | Vaults:3 | XOM: potion effect (berserk rage)
 58437 | Vaults:3 | XOM: cast spell 'Summon Cactus Giant'
 58441 | Vaults:3 | XOM: silly message
 58443 | Vaults:3 | Reached XP level 20. HP: 89/96 MP: 18/37
 58618 | Vaults:3 | XOM: give mutations
 58618 | Vaults:3 | Gained mutation: You are completely covered in iridescent
                  | scales. (AC +6) [Xom's grace]
 58618 | Vaults:3 | Gained mutation: You are robust. (+10% HP) [Xom's grace]
 58618 | Vaults:3 | Gained mutation: Your flesh is heat resistant. (rF+) [Xom's
                  | grace]
 58618 | Vaults:3 | Gained mutation: Your spells are harder to cast, but more
                  | powerful. [Xom's grace]
 58639 | Vaults:3 | XOM: god gift: 41 gold pieces
 58688 | Vaults:3 | XOM: 7-stop teleportation journey
 58801 | Vaults:3 | XOM: polymorph vault sentinel -> fire bat
 58805 | Vaults:3 | Found a portal to a secret trove of treasure.
 58870 | Vaults:3 | XOM: torment (67/120 hp)
 59102 | Vaults:3 | XOM: noise
 59147 | Vaults:3 | Reached skill level 6 in Stealth
 59858 | Vaults:4 | Reached skill level 5 in Evocations
 59949 | Vaults:4 | Noticed Jory
 59961 | Vaults:4 | Killed Jory
 60310 | Vaults:4 | XOM: divine lightning
 60315 | Vaults:4 | Reached skill level 11 in Translocations
 60407 | Vaults:4 | XOM: give mutation
 60407 | Vaults:4 | Lost mutation: You have a pair of horns on your head.
                  | [Xom's mischief]
 60512 | Vaults:4 | Reached skill level 7 in Stealth
 60583 | Vaults:4 | XOM: cloud trail
 60936 | D:5      | XOM: god gift: potion of might
 60951 | D:4      | Bought a scroll of blinking for 195 gold pieces
 61051 | D:10     | XOM: god gift: scroll of noise
 61150 | Elf:1    | Entered Level 1 of the Elven Halls
 61370 | Elf:1    | Reached skill level 6 in Evocations
 61381 | Elf:1    | Reached skill level 11 in Transmutations
 61466 | Elf:1    | Reached skill level 8 in Stealth
 61688 | Elf:1    | Got the Volume of the Summoned Shot
 61710 | Elf:1    | Learned a level 3 spell: Hailstorm
 61788 | Elf:1    | Found a runed translucent gate.
 61788 | Elf:1    | Found a runed translucent gate.
 61788 | Elf:1    | Found a runed translucent gate.
 61791 | Elf:1    | Noticed Ennajel's ghost (adept DsMo)
 61791 | Elf:1    | Noticed Onkax's ghost (adept SpHu)
 61792 | Elf:1    | Noticed Muadi's ghost (adept DsNe)
 61869 | Elf:1    | XOM: cloud trail
 61953 | Elf:1    | XOM: summons friendly shadow imp
 61954 | Elf:1    | XOM: cast spell 'Call Canine Familiar'
 62035 | Elf:1    | XOM: scenery: 1 doors close
 62202 | Elf:2    | Reached skill level 12 in Translocations
 62298 | Elf:2    | XOM: polymorph deep elf archer -> jumping spider
 62311 | Elf:2    | XOM: divination: magic mapping
 62317 | Elf:2    | Found a runed translucent gate.
 62321 | Elf:2    | Found a runed translucent gate.
 62322 | Elf:2    | Found a runed translucent gate.
 62348 | Elf:2    | Reached skill level 7 in Evocations
 62349 | Elf:2    | XOM: potion effect (berserk rage)
 62401 | Elf:2    | Reached skill level 9 in Stealth
 62553 | Elf:2    | Found an ancient bone altar of Kikubaaqudgha.
 62570 | Elf:2    | Reached skill level 13 in Spellcasting
 62586 | Elf:2    | XOM: 1-stop teleportation journey
 63065 | Elf:2    | XOM: silly message
 63166 | Elf:2    | Noticed Agnes
 63175 | Elf:2    | Killed Agnes
 63309 | Elf:2    | Reached XP level 21. HP: 110/110 MP: 24/39
 63528 | Elf:2    | XOM: cast spell 'Summon Ice Beast'
 63534 | Elf:2    | Reached skill level 10 in Stealth
 63534 | Elf:2    | Reached skill level 13 in Translocations
 63605 | Elf:2    | XOM: noise
 63697 | Elf:3    | Entered Level 3 of the Elven Halls
 63740 | Elf:3    | Noticed Mara
 63765 | Elf:3    | XOM: silly message
 63816 | Elf:3    | Found a huge runed gate.
 63816 | Elf:3    | Found a huge runed gate.
 63816 | Elf:3    | Found a huge runed gate.
 63816 | Elf:3    | Found a huge runed gate.
 63816 | Elf:3    | Found a huge runed gate.
 63816 | Elf:3    | Found a huge runed gate.
 63816 | Elf:3    | Found a huge runed gate.
 63816 | Elf:3    | Found a huge runed gate.
 63816 | Elf:3    | Found a huge runed gate.
 63820 | Elf:3    | Found a huge runed gate.
 63832 | Elf:3    | Found a huge runed gate.
 63832 | Elf:3    | Found a huge runed gate.
 63832 | Elf:3    | Found a huge runed gate.
 63832 | Elf:3    | Found a huge runed gate.
 63832 | Elf:3    | Found a huge runed gate.
 63832 | Elf:3    | Found a huge runed gate.
 63832 | Elf:3    | Found a huge runed gate.
 63832 | Elf:3    | Found a huge runed gate.
 63832 | Elf:3    | Found a huge runed gate.
 63835 | Elf:3    | Reached skill level 12 in Transmutations
 63880 | Elf:3    | Found a huge runed gate.
 63880 | Elf:3    | Found a huge runed gate.
 63880 | Elf:3    | Found a huge runed gate.
 63880 | Elf:3    | Found a huge runed gate.
 63880 | Elf:3    | Found a huge runed gate.
 63881 | Elf:3    | Found a huge runed gate.
 63882 | Elf:3    | Found a huge runed gate.
 63883 | Elf:3    | Found a huge runed gate.
 63884 | Elf:3    | Found a huge runed gate.
 63897 | Elf:3    | Found a huge runed gate.
 63898 | Elf:3    | Found a huge runed gate.
 63899 | Elf:3    | Found a huge runed gate.
 63900 | Elf:3    | Found a huge runed gate.
 63902 | Elf:3    | Found a huge runed gate.
 63929 | Elf:3    | Found a huge runed gate.
 63929 | Elf:3    | Found a huge runed gate.
 63929 | Elf:3    | Found a huge runed gate.
 64076 | Elf:3    | XOM: silly message
 64082 | Elf:3    | Noticed Bai Suzhen
 64237 | Elf:3    | Killed Mara
 64238 | Elf:3    | Reached skill level 8 in Evocations
 64253 | Elf:3    | Killed Bai Suzhen
 64507 | Elf:3    | XOM: confuse monster(s)
 64565 | Elf:3    | XOM: give mutations
 64565 | Elf:3    | Gained mutation: You are resistant to electric shocks.
                  | (rElec) [Xom's grace]
 64565 | Elf:3    | Gained mutation: You have a pair of horns on your head.
                  | [Xom's grace]
 64565 | Elf:3    | Gained mutation: Your mind is very acute. (Int +8, Str/Dex
                  | -2) [Xom's grace]
 64572 | Elf:3    | XOM: divination: magic mapping
 64891 | Elf:3    | XOM: scenery: summon butterflies
 65393 | Elf:3    | XOM: divination: magic mapping
 65452 | Elf:3    | Identified the ring of Qeatoif {rF+ rN+}
 65592 | Elf:3    | XOM: swap monsters
 65676 | Elf:3    | Found the +8 pair of quick blades "Gyre" and "Gimble"
                  | {protect}
 65701 | Elf:3    | Identified the +2 scale mail "Qitie" {rC- Regen+ rCorr}
 65705 | Elf:3    | Got the Folio of the Cooper
 65848 | Elf:3    | Reached skill level 14 in Translocations
 65857 | Elf:3    | Reached skill level 9 in Evocations
 66304 | Elf:3    | Found a huge runed gate.
 66304 | Elf:3    | Found a huge runed gate.
 66304 | Elf:3    | Found a huge runed gate.
 66304 | Elf:3    | Found a huge runed gate.
 66306 | Elf:3    | Found a huge runed gate.
 66306 | Elf:3    | Found a huge runed gate.
 66306 | Elf:3    | Found a huge runed gate.
 66306 | Elf:3    | Found a huge runed gate.
 66306 | Elf:3    | Found a huge runed gate.
 66306 | Elf:3    | Found a huge runed gate.
 66306 | Elf:3    | Found a huge runed gate.
 66309 | Elf:3    | Found a huge runed gate.
 66346 | Elf:3    | Found a huge runed gate.
 66346 | Elf:3    | Found a huge runed gate.
 66346 | Elf:3    | Found a huge runed gate.
 66346 | Elf:3    | Found a huge runed gate.
 66346 | Elf:3    | Found a huge runed gate.
 66347 | Elf:3    | Found a huge runed gate.
 66384 | Elf:3    | XOM is BORED!
 66424 | Elf:3    | XOM: god gift: glaive {god gift}
 66607 | Elf:3    | Found a huge runed gate.
 66607 | Elf:3    | Found a huge runed gate.
 66607 | Elf:3    | Found a huge runed gate.
 66607 | Elf:3    | Found a huge runed gate.
 66607 | Elf:3    | Found a huge runed gate.
 66608 | Elf:3    | Found a huge runed gate.
 66609 | Elf:3    | Found a huge runed gate.
 66610 | Elf:3    | Found a huge runed gate.
 66709 | Elf:3    | XOM: cloud trail
 66846 | Elf:3    | XOM: summons friendly crimson imp
 66847 | Elf:3    | XOM: polymorph crimson imp -> white imp
 66850 | Elf:3    | XOM: summons 12 friendly demons
 66883 | Elf:2    | XOM: summons 11 hostile demons
 66976 | Elf:2    | XOM: noise
 67283 | Depths:1 | Entered Level 1 of the Depths
 67298 | Depths:1 | Noticed Asterion
 67314 | Depths:1 | Killed Asterion
 67315 | Depths:1 | XOM: polymorph purple ugly thing -> white ugly thing
 67316 | Depths:1 | XOM: noise
 67321 | Depths:1 | Noticed a golden dragon
 67321 | Depths:1 | XOM: swap monsters
 67322 | Depths:1 | Found a one-way gate leading to the halls of Pandemonium.
 67323 | Depths:1 | XOM: noise
 67340 | Depths:1 | XOM: 1-stop teleportation journey
 67524 | Depths:1 | Reached skill level 13 in Transmutations
 67528 | Depths:1 | XOM: confuse monster(s)
 67560 | Depths:1 | XOM: cast spell 'Discord'
 67562 | Depths:1 | XOM: fog
 67574 | Depths:1 | Reached skill level 14 in Spellcasting
 67818 | Depths:1 | Noticed a caustic shrike
 67872 | Depths:1 | Reached skill level 10 in Evocations
 68036 | Depths:1 | Found a gateway to Hell.
 68037 | Depths:1 | XOM: give mutations
 68037 | Depths:1 | Gained mutation: You are somewhat resistant to further
                  | mutation. [Xom's grace]
 68037 | Depths:1 | Gained mutation: You are somewhat resistant to both further
                  | mutation and mutation removal. [Xom's grace]
 68037 | Depths:1 | Gained mutation: You have a pair of large horns on your
                  | head. [Xom's grace]
 68037 | Depths:1 | Gained mutation: You are agile. (Dex +4, Str/Int -1) [Xom's
                  | grace]
 68053 | Depths:1 | XOM: 3-stop teleportation journey
 68062 | Depths:1 | XOM: scenery: summon butterflies
 68064 | Depths:1 | Killed a caustic shrike
 68064 | Depths:1 | Identified the +6 broad axe of Daciw {pain, Fly rF- Will+
                  | Dex+2}
 68070 | Depths:1 | XOM: scenery: summon butterflies
 68071 | Depths:1 | XOM: 1-stop teleportation journey
 68135 | Depths:1 | XOM: scenery: summon butterflies
 68159 | Depths:1 | XOM: polymorph butterfly -> yak
 68186 | Depths:1 | XOM: summons friendly crimson imp
 68358 | Depths:1 | XOM: enchant monster (good)
 68377 | Depths:1 | XOM: god gift: 4 stones
 68379 | Depths:1 | Killed a golden dragon
 68391 | Depths:1 | Reached XP level 22. HP: 88/114 MP: 15/41
 68474 | Depths:1 | Identified the +6 hand axe of Propriety {venom, rN+ Str+3
                  | Int-3 Dex+5}
 68476 | Depths:1 | Got Ycyff's Codex of Battling
 68523 | Depths:1 | XOM: destruction
 68528 | Depths:1 | Reached skill level 14 in Transmutations
 68528 | Depths:1 | Reached skill level 11 in Evocations
 68732 | Depths:1 | Noticed a caustic shrike
 68735 | Depths:1 | Killed a caustic shrike
 68771 | Depths:1 | XOM: give mutations
 68771 | Depths:1 | Lost mutation: You are agile. (Dex +4, Str/Int -1) [Xom's
                  | mischief]
 68771 | Depths:1 | Lost mutation: Your mind is very acute. (Int +8, Str/Dex
                  | -2) [Xom's mischief]
 68771 | Depths:1 | Lost mutation: Your spells are harder to cast, but more
                  | powerful. [Xom's mischief]
 68771 | Depths:1 | Lost mutation: Your flesh is heat resistant. (rF+) [Xom's
                  | mischief]
 69104 | Depths:2 | Found Zimoeb's Jewellery Boutique.
 69109 | Depths:2 | Found Genamosos's Armour Boutique.
 69112 | Depths:2 | Bought an amulet of regeneration for 570 gold pieces
 69146 | Depths:2 | XOM: enchant monster (good)
 69177 | Depths:2 | Found a corrupted altar of Lugonu.
 69177 | Depths:2 | Found a one-way gate to the infinite horrors of the Abyss.
 69192 | Depths:2 | Found a broken altar of Ashenzari.
 69556 | Depths:2 | Learned a level 2 spell: Ensorcelled Hibernation
 69562 | Depths:2 | Learned a level 5 spell: Alistair's Intoxication
 69569 | Depths:2 | Learned a level 5 spell: Yara's Violent Unravelling
 69645 | Depths:2 | XOM: confuse monster(s)
 69647 | Depths:2 | Reached skill level 1 in Poison Magic
 69651 | Depths:2 | XOM: enchant monster (bad)
 69976 | Depths:3 | Reached skill level 2 in Poison Magic
 69979 | Depths:3 | Reached skill level 12 in Evocations
 70049 | Depths:3 | XOM: confuse monster(s)
 70053 | Depths:3 | XOM: polymorph spriggan rider -> cane toad
 70057 | Depths:3 | Reached skill level 3 in Poison Magic
 70066 | Depths:3 | Noticed a golden dragon
 70066 | Depths:3 | XOM: 5-stop teleportation journey
 70270 | Depths:3 | XOM: noise
 70444 | Depths:3 | Killed from afar by a living spell
 70491 | Depths:3 | Killed a golden dragon
 70492 | Depths:3 | Reached skill level 4 in Poison Magic
 70743 | Depths:3 | Reached skill level 13 in Evocations
 70756 | Depths:3 | Reached skill level 5 in Poison Magic
 71214 | Depths:3 | XOM: noise
 71219 | Depths:3 | XOM: polymorph green very ugly thing -> brown very ugly
                  | thing
 71222 | Depths:3 | XOM: enchant monster (bad)
 71225 | Depths:3 | XOM: noise
 71450 | Depths:4 | Entered Level 4 of the Depths
 71461 | Depths:4 | Reached skill level 6 in Poison Magic
 71467 | Depths:4 | XOM: confusion
 71468 | Abyss:3  | Cast into level 3 of the Abyss (merfolk impaler)
 71511 | Depths:4 | Escaped the Abyss
 71643 | Depths:4 | Noticed Frederick
 71653 | Depths:4 | XOM: summons 6 friendly demons
 71655 | Depths:4 | Killed Frederick
 71728 | Depths:4 | Noticed Parghit
 71730 | Depths:4 | Parghit changed into Parghit the shard shrike
 71730 | Depths:4 | Noticed Parghit
 71731 | Depths:4 | Parghit the shard shrike changed into Parghit the shadow
                  | dragon
 71731 | Depths:4 | Noticed Parghit
 71738 | Depths:4 | XOM: cleaving
 71745 | Depths:4 | Killed Parghit the shadow dragon
 71764 | Depths:4 | XOM: silly message
 71771 | Depths:4 | Noticed a juggernaut
 71775 | Depths:4 | XOM: enchant monster (bad)
 71784 | Depths:4 | Noticed Sojobo
 71786 | Depths:4 | XOM: smoke on damage
 71846 | Depths:4 | Reached skill level 14 in Evocations
 71926 | Depths:4 | Killed a juggernaut
 71935 | Depths:4 | Killed Sojobo
 71936 | Depths:4 | Reached skill level 7 in Poison Magic
 72103 | Depths:4 | Noticed a caustic shrike
 72103 | Depths:4 | Noticed a caustic shrike
 72103 | Depths:4 | Noticed a caustic shrike
 72104 | Depths:4 | Noticed a caustic shrike
 72108 | Depths:4 | XOM: enchant monster (bad)
 72108 | Depths:4 | Noticed a caustic shrike
 72111 | Depths:4 | Killed a caustic shrike
 72112 | Depths:4 | Killed a caustic shrike
 72112 | Depths:4 | Killed a caustic shrike
 72112 | Depths:4 | Killed a caustic shrike
 72113 | Depths:4 | Reached XP level 23. HP: 78/118 MP: 36/42
 72115 | Depths:4 | Killed a caustic shrike
 72216 | Depths:4 | Found a one-way gateway to a ziggurat.
 72314 | Depths:4 | Reached skill level 8 in Poison Magic
 72795 | Depths:4 | Found a gate to the Realm of Zot.
 72825 | Depths:4 | XOM: repel stairs
 72844 | Depths:4 | Reached skill level 9 in Poison Magic
 73022 | Depths:4 | XOM: give mutations
 73022 | Depths:4 | Lost mutation: You are robust. (+10% HP) [Xom's mischief]
 73022 | Depths:4 | Lost mutation: Your mind is acute. (Int +4, Str/Dex -1)
                  | [Xom's mischief]
 73022 | Depths:4 | Lost mutation: You have a pair of large horns on your head.
                  | [Xom's mischief]
 73022 | Depths:4 | Lost mutation: You are completely covered in iridescent
                  | scales. (AC +6) [Xom's mischief]
 73142 | Depths:3 | Voluntarily entered the Abyss.
 73147 | Abyss:3  | Found a corrupted altar of Lugonu.
 73167 | Abyss:3  | XOM: swap monsters
 73189 | Abyss:3  | XOM: summons friendly quasit
 73245 | Abyss:3  | Found a corrupted altar of Lugonu.
 73317 | Depths:3 | Escaped the Abyss
 73319 | Depths:3 | Voluntarily entered the Abyss.
 73330 | Abyss:3  | Found a corrupted altar of Lugonu.
 73388 | Abyss:3  | Found an ancient bone altar of Kikubaaqudgha.
 73388 | Abyss:3  | Found an ancient bone altar of Kikubaaqudgha.
 73388 | Abyss:3  | Found an ancient bone altar of Kikubaaqudgha.
 73388 | Abyss:3  | Found a glowing silver altar of Zin.
 73403 | Abyss:3  | XOM: blink monster(s)
 73429 | Abyss:3  | XOM: cleaving
 73432 | Abyss:3  | XOM: summons friendly crimson imp
 73437 | Abyss:3  | Noticed a dread lich
 73438 | Abyss:3  | XOM: summons 3 friendly demons
 73439 | Abyss:3  | XOM: summons friendly shadow imp
 73445 | Abyss:3  | Killed a dread lich
 73446 | Abyss:3  | Reached skill level 10 in Poison Magic
 73480 | Abyss:3  | XOM: cleaving
 73481 | Abyss:3  | XOM: enchant monster (good)
 73487 | Abyss:3  | XOM: divination: detect creatures
 73498 | Depths:3 | Escaped the Abyss
 73807 | Crypt:1  | XOM: noise
 73807 | Crypt:1  | Entered Level 1 of the Crypt
 73853 | Crypt:1  | XOM: blink monster(s)
 74059 | Vaults:1 | XOM: give mutation
 74059 | Vaults:1 | Gained mutation: Your muscles are strong. (Str +4, Int/Dex
                  | -1) [Xom's grace]
 74098 | D:13     | XOM: god gift: wand of quicksilver (4)
 74208 | Depths:2 | Voluntarily entered the Abyss.
 74213 | Abyss:3  | XOM: summons friendly shadow imp
 74216 | Abyss:3  | XOM: give mutations
 74216 | Abyss:3  | Gained mutation: Your natural rate of healing is unusually
                  | fast. [Xom's grace]
 74216 | Abyss:3  | Gained mutation: You are completely covered in iridescent
                  | scales. (AC +6) [Xom's grace]
 74216 | Abyss:3  | Lost mutation: You are somewhat resistant to both further
                  | mutation and mutation removal. [Xom's grace]
 74216 | Abyss:3  | Lost mutation: You are somewhat resistant to further
                  | mutation. [Xom's grace]
 74216 | Abyss:3  | Gained mutation: You have hidden genetic potential. [Xom's
                  | grace]
 74223 | Abyss:3  | XOM: cast spell 'Summon Hydra'
 74226 | Abyss:3  | Found a corrupted altar of Lugonu.
 74235 | Abyss:3  | Reached skill level 11 in Poison Magic
 74236 | Abyss:3  | XOM: scenery: create altars
 74363 | Abyss:3  | XOM: enchant monster (good)
 74376 | Abyss:3  | Gained mutation: Your body sometimes deteriorates upon
                  | taking damage. [a neqoxec]
 74381 | Abyss:3  | Got an abyssal rune of Zot
 74384 | Abyss:3  | XOM: polymorph neqoxec -> crimson imp
 74408 | Depths:2 | Escaped the Abyss
 74488 | D:14     | XOM: cloud trail
 74633 | Vaults:2 | XOM: give mutations
 74633 | Vaults:2 | Lost mutation: You have hidden genetic potential. [Xom's
                  | grace]
 74633 | Vaults:2 | Gained mutation: You are somewhat resistant to further
                  | mutation. [Xom's grace]
 74633 | Vaults:2 | Gained mutation: You are robust. (+10% HP) [Xom's grace]
 74667 | Vaults:3 | XOM: divination: detect creatures
 74697 | Vaults:3 | You showed the abyssal rune of Zot to enter a treasure
                  | trove
 74698 | Trove    | Entered a treasure trove
 75038 | Depths:2 | XOM: god gift: scroll of immolation
 75106 | Depths:4 | XOM: give mutations
 75106 | Depths:4 | Gained mutation: A frigid envelope surrounds you and
                  | freezes all who hurt you. [Xom's grace]
 75106 | Depths:4 | Gained mutation: You are partially covered in large bone
                  | plates. (SH +4) [Xom's grace]
 75114 | Zot:1    | Entered Level 1 of the Realm of Zot
 75165 | Depths:3 | XOM: divination: detect items
 75492 | Vaults:5 | XOM: stealth player
 75492 | Vaults:5 | Entered Level 5 of the Vaults
 75564 | Vaults:5 | Noticed a dread lich
 75570 | Vaults:5 | XOM: scenery: create altars
 75579 | Vaults:5 | XOM: fog
 75583 | Vaults:5 | XOM: summons 9 friendly demons
 75599 | Vaults:5 | Reached skill level 12 in Poison Magic
 75604 | Vaults:5 | Identified the +6 hand axe "Earthworm" {pain, rC+ Str+2}
 75665 | Vaults:5 | Acquired 1116 gold pieces
 75686 | Vaults:5 | Noticed Xtahua
 75698 | Vaults:5 | Killed Xtahua
 75739 | Vaults:5 | XOM: god gift: orcbow {god gift}
 75803 | Vaults:5 | Got a silver rune of Zot
 75821 | Vaults:5 | XOM: divination: magic mapping
 75861 | Vaults:5 | XOM: potion effect (magic)
 75880 | Vaults:5 | XOM: give mutation
 75880 | Vaults:5 | Gained mutation: You are agile. (Dex +4, Str/Int -1) [Xom's
                  | grace]
 75884 | Vaults:5 | Reached skill level 13 in Poison Magic
 75919 | Vaults:5 | XOM: enchant monster (good)
 75934 | Vaults:5 | XOM: confusion (+ monsters)
 76042 | Vaults:5 | XOM: polymorph vault warden -> jorogumo
 76045 | Vaults:5 | Reached skill level 1 in Hexes
 76081 | Vaults:5 | Reached skill level 2 in Hexes
 76101 | Vaults:5 | Noticed an ancient lich
 76104 | Vaults:5 | XOM: summons friendly crimson imp
 76109 | Vaults:5 | XOM: butterfly on damage
 76109 | Vaults:5 | Killed from afar by an ancient lich
 76133 | Vaults:5 | Reached skill level 14 in Poison Magic
 76167 | Vaults:5 | Reached skill level 3 in Hexes
 76178 | Vaults:5 | Reached XP level 24. HP: 97/123 MP: 28/42
 76184 | Vaults:5 | Reached skill level 4 in Hexes
 76185 | Vaults:5 | XOM: cast spell 'Cause Fear'
 76325 | Vaults:5 | XOM: fog
 76556 | Vaults:5 | Reached skill level 5 in Hexes
 76561 | Vaults:5 | XOM: confusion
 76624 | Vaults:5 | Found Ifegoh's Distillery.
 76630 | Vaults:5 | Bought a potion of curing for 36 gold pieces
 76630 | Vaults:5 | Bought a potion of enlightenment for 60 gold pieces
 76630 | Vaults:5 | Bought a potion of heal wounds for 60 gold pieces
 76630 | Vaults:5 | Bought a potion of enlightenment for 60 gold pieces
 76630 | Vaults:5 | Bought a potion of berserk rage for 60 gold pieces
 76630 | Vaults:5 | Bought a potion of berserk rage for 60 gold pieces
 76639 | Vaults:5 | XOM: give mutations
 76639 | Vaults:5 | Lost mutation: You have a pair of horns on your head.
                  | [Xom's mischief]
 76639 | Vaults:5 | Lost mutation: A frigid envelope surrounds you and freezes
                  | all who hurt you. [Xom's mischief]
 76657 | Vaults:5 | Noticed a dread lich
 76659 | Vaults:5 | XOM: scenery: summon butterflies
 76666 | Vaults:5 | Killed a dread lich
 76689 | Vaults:5 | Reached skill level 6 in Hexes
 77068 | Vaults:5 | Noticed Margery
 77077 | Vaults:5 | Reached skill level 7 in Hexes
 77077 | Vaults:5 | Killed Margery
 77147 | Vaults:5 | Identified the +5 lajatang "Zuagapp" {pain, rF+ Str+3 Int-2
                  | Dex+2}
 77155 | Vaults:5 | Reached skill level 8 in Hexes
 77191 | Vaults:5 | Killed an ancient lich
 77202 | Vaults:5 | Noticed a dread lich
 77203 | Vaults:5 | XOM: summons 6 friendly demons
 77215 | Vaults:5 | Killed a dread lich
 77216 | Vaults:5 | Reached skill level 9 in Hexes
 77220 | Vaults:5 | XOM: fake destruction
 77362 | Vaults:5 | XOM: divination: detect creatures
 77364 | Vaults:5 | Killed a dread lich
 77373 | Vaults:5 | Noticed an ancient lich
 77380 | Vaults:5 | Killed an ancient lich
 77388 | Vaults:5 | Reached skill level 10 in Hexes
 77467 | Vaults:5 | Reached skill level 11 in Stealth
 77579 | Vaults:4 | XOM: divination: magic mapping
 77638 | Vaults:5 | Reached skill level 12 in Stealth
 77748 | Vaults:5 | XOM: silly message
 77772 | Vaults:5 | XOM: silly message
 77888 | Vaults:5 | XOM: cloud trail
 78525 | Zot:1    | Reached skill level 13 in Stealth
 78753 | Zot:1    | XOM: divination: detect items
 78779 | Zot:1    | Reached skill level 14 in Stealth
 79043 | Zot:3    | Reached skill level 1 in Earth Magic
 79285 | Zot:4    | Reached skill level 2 in Earth Magic
 79441 | Zot:4    | Reached skill level 5 in Summonings
 79508 | Zot:4    | Noticed Vv
 79517 | Zot:4    | XOM: silly message
 79529 | Zot:4    | Reached skill level 11 in Hexes
 79535 | Zot:4    | XOM: god gift: potion of curing
 79543 | Zot:4    | Killed Vv
 79547 | Zot:4    | Reached skill level 3 in Earth Magic
 79600 | Zot:4    | XOM: summons 3 hostile demons
 79678 | Zot:4    | XOM: chaos cloud
 79687 | Zot:4    | Reached XP level 25. HP: 126/126 MP: 31/42
 79840 | Zot:4    | XOM: noise
 80188 | Zot:4    | XOM: give mutations
 80188 | Zot:4    | Gained mutation: Your flesh is heat resistant. (rF+) [Xom's
                  | grace]
 80188 | Zot:4    | Gained mutation: Your flesh is very heat resistant. (rF++)
                  | [Xom's grace]
 80263 | Zot:5    | Entered Level 5 of the Realm of Zot
 80263 | Zot:5    | Noticed a dread lich
 80269 | Zot:5    | Got the Orb of Zot
 80273 | Zot:5    | HP: 6/145 [Orb Guardian (22)]
 80273 | Zot:5    | Demolished by an Orb Guardian
 80285 | Zot:4    | Noticed Vuiziheu the pandemonium lord
 80311 | Zot:2    | XOM: give mutations
 80311 | Zot:2    | Gained mutation: You have a pair of horns on your head.
                  | [Xom's grace]
 80311 | Zot:2    | Gained mutation: You are somewhat resistant to both further
                  | mutation and mutation removal. [Xom's grace]
 80311 | Zot:2    | Gained mutation: You are mostly covered in large bone
                  | plates. (SH +6) [Xom's grace]
 80486 | D:15     | XOM: 8-stop teleportation journey
 80591 | D:11     | XOM: polymorph great orb of eyes -> ice dragon
 80612 | D:11     | Reached skill level 6 in Summonings
 80777 | D:1      | XOM: summons 1 hostile demon
 80788 | D:$      | Escaped with the Orb!

Illustrated notes

Levels and vault maps discovered:
D:1:      elethiomel_arrival_maze, layout_loops_ring,
          hellmonk_ecumenical_altar_defaced_shrine
D:2:      layout_loops_ring, st_stairs_9, kennysheep_crisscross,
          minmay_randomly_rotated_circles, uniq_terence
D:3:      layout_rooms, serial_shops, shop, nrook_loot_triangle,
          interstate_on_off, uniq_grinder, uniq_sigmund
D:4:      layout_basic, serial_shops, nicolae_shop_statue_plus
D:5:      corexii_shantytown, layout_rooms, minmay_temple_entry_wispy,
          minmay_crystal_room, minmay_small_thing
D:6:      layout_loops_ring
D:7:      layout_loops_cross, nicolae_grassy_gnolls
D:8:      layout_basic, xom_confusion_cloud, serial_bayou, serial_bayou_shore_a,
          serial_bayou_lagoon_b, serial_bayou_shore_b, serial_bayou_pond_d,
          serial_shops, nicolae_shop_real_fake_doors, st_stairs_12
D:9:      layout_basic, fedhas_ov_isle_minmay, nicolae_ru_awakened_eye,
          mainiacjoe_overflow_alcove_4, uniq_pikel, uniq_psyche, uniq_joseph,
          uniq_maurice, uniq_gastronok
D:10:     layout_loops_corners, nzn_wu_jian_council_hall, lair_entry_dummy,
          minmay_orc_entry_temple_small, enter_bailey_5, serial_bayou_pond_c,
          minmay_misc_feat_four_crosses
D:11:     layout_basic, uniq_nergalle
D:12:     layout_small_grid
D:13:     layout_roguey, grunt_vaults_entry_fortified, glass_columns_b
D:14:     layout_loops_cross, serial_ice, serial_ice_m, serial_ice_n,
          serial_ice_g, serial_ice_k, portal_ice_cave_entry_dragon,
          nicolae_gozag_zags_fifth_avenue, kennysheep_small_circle
D:15:     gammafunk_enter_depths_forms, layout_loops_ring,
          nicolae_elyvilon_peaceful_grove, uniq_kirke
Lair:1:   layout_hall_layers, gammafunk_ghost_ooze,
          chequers_serial_rivers_large_b
Lair:2:   layout_cave_pods, minmay_snake_entry_six_corridors, minivault_24
Lair:3:   layout_gridlike, nicolae_shoals_entry_flooding, serial_bayou_shore_b,
          serial_bayou_shore_b
Lair:4:   layout_misc_corridors, nicolae_slime_entry_field_trip
Lair:5:   due_jungle_book, layout_regular_city
Shoals:1: layout_shoals, nicolae_shoals_shepherds, uniq_jorgrun, uniq_louise
Shoals:2: layout_shoals
Shoals:3: layout_shoals, nicolae_shoals_kraken_intersection
Shoals:4: shoals_end_hellmonk_storm_palace [storm_palace_center_circular,
          storm_palace_corner_reverse_hut, storm_palace_corner_narrow,
          storm_palace_corner_blocked, storm_palace_corner_grid], uniq_donald,
          uniq_mlioglotl
Snake:1:  layout_layer_cave, basic_altar, minmay_shoptagon, uniq_roxanne
Snake:2:  layout_onion_interference
Snake:3:  layout_layer_cave, st_stairs_3
Snake:4:  grunt_snake_rune_pools, layout_basic, st_stairs_13,
          grunt_megastairs_4, uniq_vashnia, uniq_aizul
Orc:1:    lemuel_ogre_cave, layout_caves
Orc:2:    grunt_orc_community_town_hall, layout_diamond_mine,
          grunt_orc_community_big_house_1, grunt_orc_community_big_house_2,
          grunt_orc_community_house_3, grunt_orc_community_house_1,
          grunt_orc_community_house_2, grunt_orc_community_house_3,
          serial_shops, shop
Elf:1:    eino_elf_arrival_sip, layout_geoelf_octagon, mu_enter_wizlab_1,
          gammafunk_ghost_cemetery, minmay_elf_sorcery
Elf:2:    elven_hall_of_blades_hangedman_original
          [nicolae_blade_entry_antechamber], layout_onion_city, basic_altar,
          uniq_agnes
Elf:3:    minmay_elf_hall_statues, layout_geoelf_octagon, door_vault, uniq_mara,
          uniq_bai_suzhen
Vaults:1: vaults_mumra_lcd, nicolae_vaults_back_hallway,
          nicolae_vaults_closet_pinwheel_5, v_misc_10, ontoclasm_vaults_bender,
          ontoclasm_vaults_shuriken, dpeg_vaults_monster_box,
          nicolae_vaults_closet_pinwheel_4, layout_vaults_omnigrid, uniq_zenata
Vaults:2: nicolae_vaults_big_angled_halls, st_quartered_hall,
          nicolae_vaults_house_2, ontoclasm_vaults_pinch, vaults_room_door_hall,
          v_misc_9, nicolae_vaults_weapon_check, hangedman_vaults_snaps,
          layout_vaults_omnicross, serial_shops, shop_fountains
Vaults:3: nicolae_vaults_tetromino_L_1, vaults_room_fancy_cross,
          ontoclasm_vaults_ligature, nicolae_vaults_meeting,
          minmay_crypt_entry_simple_corners, nicolae_vaults_frosty_reception,
          vaults_mumra_minichess, hangedman_vaults_restitches, serial_ice_b,
          vaults_dpeg_ring, nicolae_vaults_sightless_eye,
          nicolae_vaults_alarming, nicolae_vaults_sesquioval_fish,
          nicolae_vaults_tetromino_Z_2, nicolae_vaults_house_3,
          nicolae_vaults_tangram_1, v_misc_23, grunt_vaults_hallway_long,
          layout_vaults_ring, enter_trove_3
Vaults:4: nicolae_vaults_tetromino_L_1, hangedman_vaults_capsules,
          ontoclasm_vaults_decontamination, nicolae_vaults_storage_closets_1,
          st_lines, nicolae_vaults_closet_pinwheel_5, v_misc_12,
          vaults_room_corners, hangedman_vaults_hat, vaults_dpeg_doors,
          grunt_vaults_hallway_long, ontoclasm_vaults_twist, layout_vaults_maze,
          uniq_jory
Vaults:5: uniq_margery, uniq_xtahua
Crypt:1:  layout_chaotic_city, serial_co_window_serial, co_window_paths_a,
          co_window_corner_a, co_window_of_opportunity_a, co_window_corner_a,
          co_window_corner_a, co_window_cross_3, co_window_of_opportunity_b,
          co_window_cross_3, co_window_sun, glass_columns_c, glass_columns_a,
          glass_columns_a, glass_columns_c, glass_columns_b
Depths:1: minmay_the_grid_octo_tiled_octocenter_mashed
          [minmay_the_grid_octo_fat_diamond, minmay_the_grid_octo_odd_swirl,
          minmay_the_grid_octo_empty, minmay_the_grid_octo_concentric,
          minmay_the_grid_octo_prize_star, minmay_the_grid_square_5x5_bracketed,
          minmay_the_grid_square_5x5_minivault,
          minmay_the_grid_square_5x5_inner_i,
          minmay_the_grid_square_5x5_spiral], layout_cave_pools, hell_entry,
          grunt_pan_entry_sceptre, kennysheep_just_a_vault,
          serial_bayou_shore_b, uniq_asterion
Depths:2: gold_lair_mu, layout_twisted_cross, abyss_entry_flame_altar,
          pan_entry, ashenzari_conservatory_becter, pf_coc_iceberg,
          minmay_shop_star, infiniplex_staircase_9_rooms
Depths:3: grunt_crosshair, layout_gridlike, hangedman_abyss_entry_splay,
          serial_bayou_lagoon_a, hell_entry, pan_entry
Depths:4: grunt_zot_entry_tricorne, layout_cave_pools, enter_ziggurat_b,
          hell_entry, hangedman_abyss_or_decor_clamps, serial_bayou_pond_c,
          uniq_parghit, uniq_sojobo, uniq_frederick
Zot:1:    layout_gridlike
Zot:2:    layout_onion_interference, bh_zot_levy_curve
Zot:3:    dreamdust_black_sun_cult, layout_onion,
          regret_index_zotdec_under_construction, st_stairs_5
Zot:4:    layout_basic, regret_index_zotdec_twisting_globes, uniq_vv
Zot:5:    layout_cathedral_of_symmetry

Skill      XL: |  1  2  3  4  5  6  7  8  9 10 11 12 13 14 15 16 17 18 19 20 21 22 23 24 25 |
---------------+----------------------------------------------------------------------------+-----
Stealth        | 2 3 4 5 9 10 14 | 14.9
Dodging        | 4 5 6 10 11 13 14 | 14.9
Unarmed Combat | 5 6 7 8 9 10 11 14 | 14.9
Fighting       | 4 5 6 8 9 10 11 12 14 | 14.9
Air Magic      | 3 7 9 10 | 10.0
Spellcasting   | 4 5 7 9 10 11 12 13 14 | 14.9
Conjurations   | 1 4 7 10 | 10.8
Ice Magic      | 1 4 7 10 | 10.9
Evocations     | 2 4 7 10 14 | 14.9
Summonings     | 3 4 5 6 |  6.0
Transmutations | 9 10 11 13 14 | 14.8
Translocations | 6 9 10 12 14 | 14.8
Shapeshifting  | 3 6 12 14 | 14.9
Poison Magic   | 7 14 | 14.9
Hexes          | 3 11 | 11.8
Earth Magic    | 3 |  3.9

Action                     |  1- 3 |  4- 6 |  7- 9 | 10-12 | 13-15 | 16-18 | 19-21 | 22-24 | 25-27 || total
---------------------------+-------+-------+-------+-------+-------+-------+-------+-------+-------++-------
  Melee: Unarmed           |   113 |    65 |   412 |   489 |  1159 |   820 |  1047 |  1405 |    46 ||  5556
         Bite              |     9 |     5 |    54 |    65 |   254 |   148 |   172 |   293 |     7 ||  1007
         Punch             |     2 |     2 |    17 |    21 |    90 |    79 |   126 |   221 |     6 ||   564
         Headbutt          |       |       |       |    81 |   355 |   262 |   333 |   507 |    14 ||  1552
   Cast: Airstrike         |       |       |       |   147 |   292 |   373 |    27 |       |       ||   839
         Static Discharge  |       |       |       |    46 |    15 |       |       |       |       ||    61
         Ozocubu's Armour  |       |       |       |    18 |    45 |     9 |    17 |    16 |       ||   105
         Summon Lightning  |       |       |       |     2 |    45 |       |       |     2 |       ||    49
         Freezing Cloud    |       |       |       |       |    56 |    61 |    21 |    45 |       ||   183
         Irradiate         |       |       |       |       |    19 |    45 |    74 |    75 |     4 ||   217
         Vhi's Electric Ch |       |       |       |       |     2 |    26 |    70 |    96 |     5 ||   199
         Passwall          |       |       |       |       |       |     2 |     5 |     4 |     4 ||    15
         Blink             |       |       |       |       |       |     1 |     5 |     5 |     2 ||    13
         Alistair's Intoxi |       |       |       |       |       |       |       |     5 |       ||     5
         Ensorcelled Hiber |       |       |       |       |       |       |       |    10 |       ||    10
         Yara's Violent Un |       |       |       |       |       |       |       |     1 |       ||     1
  Evoke: Wand              |       |       |       |    15 |     7 |    26 |    23 |    26 |     1 ||    98
         Lightning rod     |       |       |       |       |       |     7 |       |     4 |       ||    11
         Phantom mirror    |       |       |       |       |       |     1 |       |     1 |       ||     2
         Condenser vane    |       |       |       |       |       |       |     1 |     1 |       ||     2
    Use: Scroll            |     4 |     3 |     9 |    18 |     6 |     8 |     2 |    15 |     6 ||    71
         Potion            |       |       |     2 |     1 |       |     4 |    11 |    11 |     4 ||    33
   Stab: Sleeping          |     5 |     4 |     6 |     5 |     9 |    20 |    35 |    16 |     2 ||   102
         Distracted        |     1 |     1 |     3 |       |     7 |     2 |     4 |     4 |       ||    22
         Petrified         |       |     4 |       |     3 |     1 |       |       |       |       ||     8
         Paralysed         |       |       |       |     2 |       |       |       |     1 |       ||     3
         Invisible         |       |       |       |       |     1 |       |     1 |     4 |       ||     6
         Confused          |       |       |       |       |     3 |     3 |     7 |     5 |       ||    18
         Petrifying        |       |       |       |       |     1 |       |       |       |       ||     1
 Armour: Skin              |    28 |    14 |   124 |   228 |   485 |   386 |   731 |   912 |    36 ||  2944
  Dodge: Dodged            |    90 |    48 |   426 |   606 |  1267 |  1147 |  2157 |  2460 |    84 ||  8285
  Block: Other             |       |       |       |    85 |   297 |       |       |   107 |    15 ||   504
   Form: Beast             |       |       |       |       |       |     1 |       |       |       ||     1
         Statue            |       |       |       |       |       |     1 |       |       |       ||     1

Table legend: (Time is in decaauts)
 A = Elapsed time spent in this place.
 B = Non-inter-level travel time spent in this place.
 C = Inter-level travel time spent in this place.
 D = Time resting spent in this place.
 E = Time spent auto-exploring this place.
 F = Levels seen in this place.
 G = Mean time per level.
                   A        B        C        D        E       F      G
               +--------+--------+--------+--------+--------+-----+--------+
         Total |  89456 |  81744 |   7712 |  14049 |  49533 |  54 | 1656.6 |
       Dungeon |  20098 |  16824 |   3274 |   2694 |  10319 |  15 | 1339.9 |
          Lair |  12366 |  11870 |    496 |   1688 |   8211 |   5 | 2473.2 |
        Shoals |   6808 |   6679 |    129 |    882 |   4770 |   4 | 1702.0 |
     Snake Pit |   9800 |   9519 |    281 |   1818 |   6209 |   4 | 2450.0 |
  Orcish Mines |   3617 |   3201 |    416 |    725 |   1770 |   2 | 1808.5 |
   Elven Halls |   8706 |   8352 |    354 |   1930 |   4856 |   3 | 2902.0 |
        Vaults |  14264 |  12462 |   1802 |   1670 |   7928 |   5 | 2852.8 |
         Crypt |    207 |    185 |     22 |      7 |     51 |   1 |  207.0 |
        Depths |   9302 |   8456 |    846 |   2190 |   4000 |   4 | 2325.5 |
           Zot |   2924 |   2837 |     87 |    315 |   1107 |   5 |  584.8 |
         Abyss |    786 |    786 |      0 |     96 |      0 |   4 |  196.5 |
         Trove |     88 |     88 |      0 |      0 |      0 |   1 |   88.0 |
        Bailey |    487 |    487 |      0 |     29 |    308 |   1 |  487.0 |
               +--------+--------+--------+--------+--------+-----+--------+

Top non-repeatable levels by time:
   Elf:3: 4689 daAuts
Vaults:5: 3426 daAuts
Vaults:3: 3049 daAuts
 Snake:3: 3031 daAuts
Vaults:1: 2992 daAuts
Depths:3: 2818 daAuts
  Lair:4: 2751 daAuts
 Snake:4: 2739 daAuts
Shoals:4: 2735 daAuts
Vaults:2: 2719 daAuts
  Lair:1: 2691 daAuts
Depths:1: 2644 daAuts
  Lair:2: 2469 daAuts
  Lair:5: 2455 daAuts
   Elf:2: 2363 daAuts

Table legend:
 A = Kills in this place as a percentage of kills in the entire game.
 B = Kills by you in this place as a percentage of kills by you in the entire game.
 C = Kills by friends in this place as a percentage of kills by friends in the entire game.
 D = Other kills in this place as a percentage of other kills in the entire game.
 E = Experience gained in this place as a percentage of experience gained in the entire game.
 F = Experience gained in this place divided by the number of levels of this place that you have seen.
                   A       B       C       D       E      F
               +-------+-------+-------+-------+-------+----------------------
         Total | 100.0 | 100.0 | 100.0 | 100.0 | 100.0 | 21493.1
       Dungeon |  19.8 |  19.0 |  38.9 |  10.0 |   6.3 | 4857.6
          Lair |   9.7 |   8.5 |  35.6 |   5.0 |   5.6 | 13029.0
        Shoals |   6.5 |   6.7 |   3.3 |   0.0 |   6.1 | 17620.0
     Snake Pit |  10.9 |  11.5 |   0.0 |   0.0 |  10.3 | 29770.5
  Orcish Mines |   7.2 |   7.6 |   1.1 |   0.0 |   2.0 | 11700.0
   Elven Halls |   8.5 |   8.8 |   0.0 |  20.0 |  11.5 | 44549.3
        Vaults |  17.8 |  18.5 |   5.6 |  10.0 |  27.1 | 62813.2
         Crypt |   0.8 |   0.8 |   0.0 |   0.0 |   0.7 | 8688.0
        Depths |  10.9 |  11.0 |   4.4 |  30.0 |  19.6 | 56998.5
           Zot |   3.6 |   3.1 |  10.0 |  25.0 |   7.2 | 16618.8
         Abyss |   2.9 |   3.0 |   0.0 |   0.0 |   3.4 | 9834.8
        Bailey |   1.4 |   1.4 |   1.1 |   0.0 |   0.2 | 2826.0
               +-------+-------+-------+-------+-------+----------------------
